Workbook

Sheet Cover
G9: Issuer Services
G12: E-Mail: issuerservices@deutsche-boerse.com
G13: Tel.: +49-69-211-1-88 88
G14: Fax: +49-69-211-1-43 33
B19: Report: Listed Companies Frankfurt Stock Exchange
B20: Prime Standard, General Standard, Scale & Basic Board
B24: Reported date: | C24: 46296
B27: Comment: | C27: Please note that Deutsche Börse AG does not guarantee the available information to be current, accurate or complete. DBAG is entitled to amend this information without any right of further notification. Deutsche Börse AG´s liability shall be limited to cases of intent.

Sheet Prime Standard
A1: Companies in Prime Standard
A3: =Cover!C24 -> 46296
A6: Number of instruments: | B6: =COUNTA(C9:C1048576) -> 262
A7: Number of companies: | B7: 255
A8: ISIN | B8: Trading Symbol | C8: Company | D8: Sector | E8: Subsector | F8: Country | G8: Instrument Exchange | H8: Index | I8: TecDAX | N8: DAX | O8: MDAX | P8: SDAX | Q8: TecDAX
A9: DE0005545503 | B9: 1U1 | C9: 1&1 AG | D9: Telecommunication | E9: Wireless Communication | F9: Germany | G9: XETRA + FRANKFURT | H9: SDAX | N9: =COUNTIF($H$9:$H$741,N$8) -> 40 | O9: =COUNTIF($H$9:$H$744,O$8) -> 49 | P9: =COUNTIF($H$9:$H$744,P$8) -> 66 | Q9: =COUNTIF($I$9:$I$744,Q$8) -> 30
A10: DE000A41YFQ4 | B10: TGT | C10: 11 88 0 SOLUTIONS AG | D10: Telecommunication | E10: Telecommunication Services | F10: Germany | G10: XETRA + FRANKFURT | H10: -
A11: DE0005167902 | B11: UUU | C11: 3U HOLDING AG | D11: Industrial | E11: Industrial Products & Services | F11: Germany | G11: XETRA + FRANKFURT | H11: -
A12: NL0000238145 | B12: APM | C12: AD PEPPER MEDIA EO 0,05 | D12: Media | E12: Advertising | F12: Netherlands | G12: XETRA + FRANKFURT | H12: - | N12: Sectors | Q12: Subsectors
A13: DE000A0Z23Q5 | B13: ADN1 | C13: ADESSO SE INH O.N. | D13: Software | E13: IT-Services | F13: Germany | G13: XETRA + FRANKFURT | H13: - | N13: Chemicals | O13: =COUNTIF($D$9:$D$744,$N13) -> 12 | Q13: Wireless Communication | R13: =COUNTIF($E$9:$E$744,$Q13) -> 2
A14: DE000A1EWWW0 | B14: ADS | C14: ADIDAS AG NA O.N. | D14: Consumer | E14: Clothing & Footwear | F14: Germany | G14: XETRA + FRANKFURT | H14: DAX | N14: Telecommunication | O14: =COUNTIF($D$9:$D$744,$N14) -> 6 | Q14: Telecommunication Services | R14: =COUNTIF($E$9:$E$744,$Q14) -> 3
A15: LU1250154413 | B15: ADJ | C15: ADLER GROUP S.A. | D15: Financial Services | E15: Real Estate | F15: Luxembourg | G15: XETRA + FRANKFURT | H15: - | N15: Consumer | O15: =COUNTIF($D$9:$D$744,$N15) -> 14 | Q15: Industrial Products & Services | R15: =COUNTIF($E$9:$E$744,$Q15) -> 10
A16: US00486H1059 | B16: QH9 | C16: ADTRAN HOLDINGS INC. | D16: Technology | E16: Communications Technology | F16: United States | G16: XETRA + FRANKFURT | H16: - | N16: Industrial | O16: =COUNTIF($D$9:$D$744,$N16) -> 57 | Q16: Biotechnology | R16: =COUNTIF($E$9:$E$744,$Q16) -> 8
A17: NL0000235190 | B17: AIR | C17: AIRBUS SE | D17: Industrial | E17: Heavy Machinery | F17: Netherlands | G17: XETRA + FRANKFURT | H17: DAX | N17: Software | O17: =COUNTIF($D$9:$D$744,$N17) -> 23 | Q17: Mortgage Banks | R17: =COUNTIF($E$9:$E$744,$Q17) -> 0
A18: DE000A0WMPJ6 | B18: AIXA | C18: AIXTRON SE NA O.N. | D18: Technology | E18: Semiconductors | F18: Germany | G18: XETRA + FRANKFURT | H18: MDAX | I18: TecDAX | N18: Automobile | O18: =COUNTIF($D$9:$D$744,$N18) -> 18 | Q18: Retail, Internet | R18: =COUNTIF($E$9:$E$744,$Q18) -> 1
A19: DE0005110001 | B19: A1OS | C19: ALL FOR ONE GROUP NA O.N. | D19: Software | E19: IT-Services | F19: Germany | G19: XETRA + FRANKFURT | H19: - | N19: Technology | O19: =COUNTIF($D$9:$D$744,$N19) -> 15 | Q19: Real Estate | R19: =COUNTIF($E$9:$E$744,$Q19) -> 13
A20: DE000A0DPRE6 | B20: LNSX | C20: Allane SE | D20: Financial Services | E20: Diversified Financial | F20: Germany | G20: FRANKFURT | H20: - | N20: Financial Services | O20: =COUNTIF($D$9:$D$744,$N20) -> 26 | Q20: Advertising | R20: =COUNTIF($E$9:$E$744,$Q20) -> 3
A21: DE0008404005 | B21: ALV | C21: ALLIANZ SE NA O.N. | D21: Insurance | E21: Insurance | F21: Germany | G21: XETRA + FRANKFURT | H21: DAX | N21: Retail | O21: =COUNTIF($D$9:$D$744,$N21) -> 21 | Q21: IT-Services | R21: =COUNTIF($E$9:$E$744,$Q21) -> 10
A22: DE000A2YNT30 | B22: ACT | C22: ALZCHEM GROUP AG INH O.N. | D22: Chemicals | E22: Chemicals, Specialty | F22: Germany | G22: XETRA + FRANKFURT | H22: SDAX | N22: Pharma & Healthcare | O22: =COUNTIF($D$9:$D$744,$N22) -> 24 | Q22: Clothing & Footwear | R22: =COUNTIF($E$9:$E$744,$Q22) -> 3
A23: DE0005093108 | B23: AAD | C23: AMADEUS FIRE AG | D23: Industrial | E23: Industrial Products & Services | F23: Germany | G23: XETRA + FRANKFURT | H23: - | N23: Industrial | O23: =COUNTIF($D$9:$D$744,$N23) -> 6 | Q23: Communications Technology | R23: =COUNTIF($E$9:$E$744,$Q23) -> 4
A24: NL0000888691 | B24: ADG | C24: AMG Critical Materials N.V. | D24: Industrial | E24: Industrial, Diversified | F24: Netherlands | G24: XETRA + FRANKFURT | H24: -
A25: LU1673108939 | B25: AT1 | C25: AROUNDTOWN EO-,01 | D25: Financial Services | E25: Real Estate | F25: Cyprus | G25: XETRA + FRANKFURT | H25: MDAX | N25: Insurance | O25: =COUNTIF($D$9:$D$744,$N25) -> 5 | Q25: Heavy Machinery | R25: =COUNTIF($E$9:$E$744,$Q25) -> 7
A26: DE000A289B07 | B26: ELB | C26: Arzneiwerk AG VIDA | D26: Technology | E26: Communications Technology | F26: Germany | G26: XETRA + FRANKFURT | H26: - | N26: Banks | O26: =COUNTIF($D$9:$D$744,$N26) -> 4 | Q26: Diversified Financial | R26: =COUNTIF($E$9:$E$744,$Q26) -> 8
A27: AT100ASTA001 | B27: 1AST | C27: ASTA Energy Solutions AG | D27: Industrial | E27: Advanced Industrial Equipment | F27: Austria | G27: XETRA + FRANKFURT | H27: SDAX
A28: DE0005104400 | B28: AOF | C28: ATOSS SOFTWARE SE | D28: Software | E28: Software | F28: Germany | G28: XETRA + FRANKFURT | H28: SDAX | I28: TecDAX | N28: Retail | O28: =COUNTIF($D$9:$D$744,$N28) -> 0 | Q28: Insurance | R28: =COUNTIF($E$9:$E$744,$Q28) -> 2
A29: DE000A2DAM03 | B29: AAG | C29: AUMANN AG INH O.N. | D29: Industrial | E29: Industrial Machinery | F29: Germany | G29: XETRA + FRANKFURT | H29: - | N29: Transportation & Logistics | O29: =COUNTIF($D$9:$D$744,$N29) -> 8 | Q29: Chemicals, Specialty | R29: =COUNTIF($E$9:$E$744,$Q29) -> 13
A30: DE000AUM0V10 | B30: AMV0 | C30: AUMOVIO SE | D30: Automobile | E30: Auto Parts & Equipment | F30: Germany | G30: XETRA + FRANKFURT | H30: MDAX | N30: Utilities | O30: =COUNTIF($D$9:$D$744,$N30) -> 4 | Q30: Software | R30: =COUNTIF($E$9:$E$744,$Q30) -> 11
A31: DE0006766504 | B31: NDA | C31: AURUBIS AG | D31: Basic Resources | E31: Steel & Other Metals | F31: Germany | G31: XETRA + FRANKFURT | H31: MDAX | N31: Construction | O31: =COUNTIF($D$9:$D$744,$N31) -> 3 | Q31: Industrial Machinery | R31: =COUNTIF($E$9:$E$744,$Q31) -> 15
A32: DE000A2LQ884 | B32: AG1 | C32: AUTO1 GROUP SE | D32: Retail | E32: Retail, Internet | F32: Germany | G32: XETRA + FRANKFURT | H32: MDAX | N32: Basic Resources | O32: =COUNTIF($D$9:$D$744,$N32) -> 2 | Q32: Steel & Other Metals | R32: =COUNTIF($E$9:$E$744,$Q32) -> 2
A33: DE000BASF111 | B33: BAS | C33: BASF SE NA O.N. | D33: Chemicals | E33: Chemicals, Specialty | F33: Germany | G33: XETRA + FRANKFURT | H33: DAX | N33: Pharma & Healthcare | O33: =COUNTIF($D$9:$D$744,$N33) -> 2 | Q33: Retail, Internet | R33: =COUNTIF($E$9:$E$744,$Q33) -> 13
A34: DE0005102008 | B34: BSL | C34: BASLER AG O.N. | D34: Industrial | E34: Advanced Industrial Equipment | F34: Germany | G34: XETRA + FRANKFURT | H34: SDAX | N34: Food & Beverages | O34: =COUNTIF($D$9:$D$744,$N34) -> 2 | Q34: Advanced Industrial Equipment | R34: =COUNTIF($E$9:$E$744,$Q34) -> 10
A35: DE000A1X3YY0 | B35: BST | C35: BASTEI LUEBBE AG O.N. | D35: Media | E35: Publishing & Printing | F35: Germany | G35: XETRA + FRANKFURT | H35: - | Q35: Publishing & Printing | R35: =COUNTIF($E$9:$E$744,$Q35) -> 2
A36: DE0005190003 | B36: BMW | C36: BAY.MOTOREN WERKE AG ST | D36: Automobile | E36: Automobile Manufacturers | F36: Germany | G36: XETRA + FRANKFURT | H36: DAX | Q36: Industrial Products & Services | R36: =COUNTIF($E$9:$E$744,$Q36) -> 1
A37: DE000BAY0017 | B37: BAYN | C37: BAYER AG NA O.N. | D37: Pharma & Healthcare | E37: Pharmaceuticals | F37: Germany | G37: XETRA + FRANKFURT | H37: DAX | Q37: Personal Products | R37: =COUNTIF($E$9:$E$744,$Q37) -> 1
A38: DE0005194005 | B38: BYW | C38: BAYWA AG NA O.N. | D38: Industrial | E38: Industrial, Diversified | F38: Germany | G38: XETRA + FRANKFURT | H38: - | Q38: Auto Parts & Equipment | R38: =COUNTIF($E$9:$E$744,$Q38) -> 12
A39: DE0005194062 | B39: BYW6 | C39: BAYWA AG VINK.NA. O.N. | D39: Industrial | E39: Industrial, Diversified | F39: Germany | G39: XETRA + FRANKFURT | H39: - | Q39: Pharmaceuticals | R39: =COUNTIF($E$9:$E$744,$Q39) -> 3
A40: CH0038389992 | B40: BBZA | C40: BB BIOTECH NAM. SF 0,20 | D40: Pharma & Healthcare | E40: Biotechnology | F40: Switzerland | G40: XETRA + FRANKFURT | H40: - | Q40: Movies & Entertainment | R40: =COUNTIF($E$9:$E$744,$Q40) -> 2
A41: DE0005158703 | B41: BC8 | C41: BECHTLE AG O.N. | D41: Software | E41: IT-Services | F41: Germany | G41: XETRA + FRANKFURT | H41: MDAX | I41: TecDAX | Q41: Information Technology | R41: =COUNTIF($E$9:$E$744,$Q41) -> 0
A42: LU1704650164 | B42: BFSA | C42: BEFESA S.A. ORD. O.N. | D42: Industrial | E42: Industrial Products & Services | F42: Luxembourg | G42: XETRA + FRANKFURT | H42: SDAX | Q42: Medical Technology | R42: =COUNTIF($E$9:$E$744,$Q42) -> 6
A43: DE0005200000 | B43: BEI | C43: BEIERSDORF AG O.N. | D43: Consumer | E43: Personal Products | F43: Germany | G43: XETRA + FRANKFURT | H43: DAX | Q43: Retail, Specialty | R43: =COUNTIF($E$9:$E$744,$Q43) -> 5
A44: DE0005232805 | B44: BDT | C44: BERTRANDT AG O.N. | D44: Industrial | E44: Industrial Products & Services | F44: Germany | G44: XETRA + FRANKFURT | H44: - | Q44: Leisure | R44: =COUNTIF($E$9:$E$744,$Q44) -> 1
A45: DE000A0DNAY5 | B45: ACX | C45: BET-AT-HOME.COM AG O.N. | D45: Retail | E45: Retail, Internet | F45: Germany | G45: XETRA + FRANKFURT | H45: -
A46: DE000A3CQ7F4 | B46: BIKE | C46: BIKE24 HOLDING AG | D46: Retail | E46: Retail, Internet | F46: Germany | G46: XETRA + FRANKFURT | H46: - | Q46: Electronic Components & Hardware | R46: =COUNTIF($E$9:$E$744,$Q46) -> 4
A47: DE0005909006 | B47: GBF | C47: BILFINGER SE O.N. | D47: Industrial | E47: Industrial Products & Services | F47: Germany | G47: XETRA + FRANKFURT | H47: MDAX | Q47: Credit Banks | R47: =COUNTIF($E$9:$E$744,$Q47) -> 4
A48: DE000A4BGGM7 | B48: B8F | C48: BIOFRONTERA AG NA O.N. | D48: Pharma & Healthcare | E48: Pharmaceuticals | F48: Germany | G48: XETRA + FRANKFURT | H48: - | Q48: Renewable Energies | R48: =COUNTIF($E$9:$E$744,$Q48) -> 6
A49: DE0005493092 | B49: BVB | C49: BORUSSIA DORTMUND | D49: Media | E49: Movies & Entertainment | F49: Germany | G49: XETRA + FRANKFURT | H49: - | Q49: Movies & Entertainment | R49: =COUNTIF($E$9:$E$744,$Q49) -> 1
A50: DE0005203947 | B50: BNN | C50: BRAIN BIOTECH AG | D50: Chemicals | E50: Chemicals, Specialty | F50: Germany | G50: XETRA + FRANKFURT | H50: - | Q50: Pharmaceuticals | R50: =COUNTIF($E$9:$E$744,$Q50) -> 3
A51: DE000A1X3XX4 | B51: BRK | C51: BRANICKS Group AG | D51: Financial Services | E51: Real Estate | F51: Germany | G51: XETRA + FRANKFURT | H51: - | Q51: Securities Brokers | R51: =COUNTIF($E$9:$E$744,$Q51) -> 2
A52: DE000A1DAHH0 | B52: BNR | C52: BRENNTAG SE | D52: Industrial | E52: Industrial Products & Services | F52: Germany | G52: XETRA + FRANKFURT | H52: DAX | Q52: Fixed-Line Telecommunication | R52: =COUNTIF($E$9:$E$744,$Q52) -> 0
A53: DE000A2GSU42 | B53: BKHT | C53: BROCKHAUS TECHNOLOGIES AG | D53: Financial services | E53: Diversified Financial | F53: Germany | G53: XETRA + FRANKFURT | H53: - | Q53: Multi-Utilities | R53: =COUNTIF($E$9:$E$744,$Q53) -> 4
A54: DE0005419105 | B54: COK | C54: CANCOM SE O.N. | D54: Software | E54: IT-Services | F54: Germany | G54: XETRA + FRANKFURT | H54: SDAX | I54: TecDAX | Q54: Home Construction & Furnishings | R54: =COUNTIF($E$9:$E$744,$Q54) -> 2
A55: DE0005313704 | B55: AFX | C55: CARL ZEISS MEDITEC AG | D55: Pharma & Healthcare | E55: Medical Technology | F55: Germany | G55: XETRA + FRANKFURT | H55: SDAX | I55: TecDAX | Q55: Transportation Services | R55: =COUNTIF($E$9:$E$744,$Q55) -> 4
A56: DE0007257503 | B56: CEC | C56: CECONOMY AG ST O.N. | D56: Retail | E56: Retail, Specialty | F56: Germany | G56: XETRA + FRANKFURT | H56: - | Q56: Wireless Communication | R56: =COUNTIF($E$9:$E$744,$Q56) -> 2
A57: DE0005403901 | B57: CWC | C57: CEWE STIFTUNG KGAA O.N. | D57: Consumer | E57: Leisure | F57: Germany | G57: XETRA + FRANKFURT | H57: SDAX | Q57: Industrial, Diversified | R57: =COUNTIF($E$9:$E$744,$Q57) -> 10
A58: DE000A41YFJ9 | B58: C3RY | C58: CHERRY SE | D58: Technology | E58: Electronic Components & Hardware | F58: Germany | G58: XETRA + FRANKFURT | H58: - | Q58: Communications Technology | R58: =COUNTIF($E$9:$E$744,$Q58) -> 0
A59: DE000CBK1001 | B59: CBK | C59: COMMERZBANK AG | D59: Banks | E59: Credit Banks | F59: Germany | G59: XETRA + FRANKFURT | H59: DAX | Q59: Diversified Financial | R59: =COUNTIF($E$9:$E$744,$Q59) -> 1
A60: DE0005439004 | B60: CON | C60: CONTINENTAL AG O.N. | D60: Automobile | E60: Auto Parts & Equipment | F60: Germany | G60: XETRA + FRANKFURT | H60: DAX | Q60: Household Appliances & Housewares | R60: =COUNTIF($E$9:$E$744,$Q60) -> 3
A61: DE0005470306 | B61: EVD | C61: CTS EVENTIM KGAA | D61: Media | E61: Movies & Entertainment | F61: Germany | G61: XETRA + FRANKFURT | H61: MDAX | Q61: Retail, Food & Drug | R61: =COUNTIF($E$9:$E$744,$Q61) -> 1
A62: DE000DTR0CK8 | B62: DTG | C62: DAIMLER TRUCK HOLDING AG | D62: Industrial | E62: Heavy Machinery | F62: Germany | G62: XETRA + FRANKFURT | H62: DAX | Q62: Construction & Engineering | R62: =COUNTIF($E$9:$E$744,$Q62) -> 2
A63: DE0005498901 | B63: DAM | C63: DATA MODUL AG O.N. | D63: Technology | E63: Electronic Components & Hardware | F63: Germany | G63: XETRA + FRANKFURT | H63: - | Q63: Industrial, Machinery | R63: =COUNTIF($E$9:$E$744,$Q63) -> 1
A64: DE000A2E4K43 | B64: DHER | C64: DELIVERY HERO SE NA O.N. | D64: Retail | E64: Retail, Internet | F64: Germany | G64: XETRA + FRANKFURT | H64: MDAX | Q64: IT-Services | R64: =COUNTIF($E$9:$E$744,$Q64) -> 0
A65: DE0005146807 | B65: DEX | C65: DELTICOM AG NA O.N. | D65: Retail | E65: Retail, Internet | F65: Germany | G65: XETRA + FRANKFURT | H65: - | Q65: Retail, Multiline | R65: =COUNTIF($E$9:$E$744,$Q65) -> 0
A66: DE000A0XFSF0 | B66: DMRE | C66: DEMIRE DEUTSCHE MITTELSTAND REAL ESTATE AG | D66: Financial Services | E66: Real Estate | F66: Germany | G66: XETRA + FRANKFURT | H66: - | Q66: Airlines | R66: =COUNTIF($E$9:$E$744,$Q66) -> 1
A67: DE000A2GS5D8 | B67: DMP | C67: DERMAPHARM HOLDING INH O.N. | D67: Pharma & Healthcare | E67: Pharmaceuticals | F67: Germany | G67: XETRA + FRANKFURT | H67: SDAX | Q67: Wireless Telecommunication | R67: =COUNTIF($E$9:$E$744,$Q67) -> 1
A68: DE0005140008 | B68: DBK | C68: DEUTSCHE BANK AG NA O.N. | D68: Banks | E68: Credit Banks | F68: Germany | G68: XETRA + FRANKFURT | H68: DAX
A69: DE0005810055 | B69: DB1 | C69: DEUTSCHE BOERSE NA O.N. | D69: Financial Services | E69: Securities Brokers | F69: Germany | G69: XETRA + FRANKFURT | H69: DAX | Q69: Broadcasting | R69: =COUNTIF($E$9:$E$744,$Q69) -> 2
A70: DE0007480204 | B70: DEQ | C70: DEUTSCHE EUROSHOP SE | D70: Financial Services | E70: Real Estate | F70: Germany | G70: XETRA + FRANKFURT | H70: SDAX | Q70: Advanced Industrial Equipment | R70: =COUNTIF($E$9:$E$744,$Q70) -> 1
A71: DE0005552004 | B71: DHL | C71: DEUTSCHE POST AG NA O.N. | D71: Transportation & Logistics | E71: Logistics | F71: Germany | G71: XETRA + FRANKFURT | H71: DAX | Q71: Industrial | R71: =COUNTIF($E$9:$E$744,$Q71) -> 0
A72: DE0006305006 | B72: DEZ | C72: DEUTZ AG O.N. | D72: Industrial | E72: Industrial Machinery | F72: Germany | G72: XETRA + FRANKFURT | H72: MDAX | Q72: IT- Services | R72: =COUNTIF($E$9:$E$744,$Q72) -> 1
A73: DE0005878003 | B73: GIL | C73: DMG MORI AG O.N. | D73: Industrial | E73: Industrial Machinery | F73: Germany | G73: XETRA + FRANKFURT | H73: - | Q73: Food | R73: =COUNTIF($E$9:$E$744,$Q73) -> 2
A74: DE000BEAU1Y4 | B74: DOU | C74: DOUGLAS AG | D74: Retail | E74: Retail, Specialty | F74: Germany | G74: XETRA + FRANKFURT | H74: SDAX | Q74: Forest & Paper Products | R74: =COUNTIF($E$9:$E$744,$Q74) -> 0
A75: DE0005550602 | B75: DRW8 | C75: DRAEGERWERK ST.A.O.N. | D75: Pharma & Healthcare | E75: Medical Technology | F75: Germany | G75: XETRA + FRANKFURT | H75: - | Q75: Retail, Catalog | R75: =COUNTIF($E$9:$E$744,$Q75) -> 0
A76: DE0005550636 | B76: DRW3 | C76: DRAEGERWERK VZO O.N. | D76: Pharma & Healthcare | E76: Medical Technology | F76: Germany | G76: XETRA + FRANKFURT | H76: SDAX | I76: TecDAX
A77: DE000A14KRD3 | B77: DKG | C77: DT. Konsum Real Estae AG | D77: Financial Services | E77: Real Estate | F77: Germany | G77: XETRA + FRANKFURT | H77: - | Q77: Leisure, Goods & Services | R77: =COUNTIF($E$9:$E$744,$Q77) -> 1
A78: DE000A1TNUT7 | B78: DBAN | C78: DT.BETEILIG.AG NA O.N. | D78: Financial Services | E78: Private Equity & Venture Capital | F78: Germany | G78: XETRA + FRANKFURT | H78: SDAX | Q78: Retail,Internet | R78: =COUNTIF($E$9:$E$744,$Q78) -> 1
A79: DE0008019001 | B79: PBB | C79: DT.PFANDBRIEFBK AG | D79: Banks | E79: Credit Banks | F79: Germany | G79: XETRA + FRANKFURT | H79: SDAX
A80: DE0005557508 | B80: DTE | C80: DT.TELEKOM AG NA | D80: Telecommunication | E80: Telecommunication Services | F80: Germany | G80: XETRA + FRANKFURT | H80: DAX | I80: TecDAX
A81: DE0005565204 | B81: DUE | C81: DUERR AG O.N. | D81: Industrial | E81: Industrial Machinery | F81: Germany | G81: XETRA + FRANKFURT | H81: SDAX
A82: DE000DWS1007 | B82: DWS | C82: DWS GROUP GMBH+CO.KGAA ON | D82: Financial Services | E82: Diversified Financial | F82: Germany | G82: XETRA + FRANKFURT | H82: MDAX
A83: DE000ENAG999 | B83: EOAN | C83: E.ON SE NA O.N. | D83: Utilities | E83: Multi-Utilities | F83: Germany | G83: XETRA + FRANKFURT | H83: DAX
A84: DE0005659700 | B84: EUZ | C84: ECKERT+ZIEGLER SE O.N. | D84: Pharma & Healthcare | E84: Medical Technology | F84: Germany | G84: XETRA + FRANKFURT | H84: SDAX | I84: TecDAX
A85: CH0303692047 | B85: ED4 | C85: EDAG ENGINEERING G.SF-,04 | D85: Automobile | E85: Auto Parts & Equipment | F85: Switzerland | G85: XETRA + FRANKFURT | H85: -
A86: DE000A40ESU3 | B86: EIN3 | C86: EINHELL GERMANY VZO O.N. | D86: Consumer | E86: Home Construction & Furnishings | F86: Germany | G86: XETRA + FRANKFURT | H86: SDAX
A87: LU2818110020 | B87: OT8 | C87: Eleving Group S.A. | D87: Financial Services | E87: Diversified Financial | F87: Luxemburg | G87: XETRA + FRANKFURT | H87: -
A88: DE0005677108 | B88: ELG | C88: ELMOS SEMICONDUCTOR INH O.N. | D88: Technology | E88: Semiconductors | F88: Germany | G88: XETRA + FRANKFURT | H88: MDAX | I88: TecDAX
A89: DE0007856023 | B89: ZIL2 | C89: ELRINGKLINGER AG NA O.N. | D89: Automobile | E89: Auto Parts & Equipment | F89: Germany | G89: XETRA + FRANKFURT | H89: -
A90: DE000A11Q059 | B90: ELB | C90: ELUMEO SE | D90: Retail | E90: Retail, Internet | F90: Germany | G90: XETRA + FRANKFURT | H90: -
A91: DE000EVNK013 | B91: EVK | C91: EVONIK INDUSTRIES AG NA O.N. | D91: Chemicals | E91: Chemicals, Specialty | F91: Germany | G91: XETRA + FRANKFURT | H91: MDAX
A92: DE0005664809 | B92: EVT | C92: EVOTEC SE INH O.N. | D92: Pharma & Healthcare | E92: Biotechnology | F92: Germany | G92: XETRA + FRANKFURT | H92: SDAX | I92: TecDAX
A93: AT0000785407 | B93: FAA | C93: FABASOFT AG | D93: Software | E93: Software | F93: Austria | G93: XETRA + FRANKFURT | H93: -
A94: DE0005772206 | B94: FIE | C94: FIELMANN AG O.N. | D94: Retail | E94: Retail, Specialty | F94: Germany | G94: XETRA + FRANKFURT | H94: SDAX
A95: DE0007201907 | B95: SIS | C95: FIRST SENSOR AG O.N. | D95: Technology | E95: Semiconductors | F95: Germany | G95: XETRA + FRANKFURT | H95: -
A96: DE000FTG1111 | B96: FTK | C96: FLATEXDEGIRO SE | D96: Financial Services | E96: Securities Brokers | F96: Germany | G96: XETRA + FRANKFURT | H96: MDAX
A97: DE000A1EWVY8 | B97: FYB | C97: FORMYCON AG | D97: Pharma & Healthcare | E97: Biotechnology | F97: Germany | G97: XETRA + FRANKFURT | H97: -
A98: DE0005774103 | B98: FEV | C98: FORTEC ELEKTRO. O.N. | D98: Technology | E98: Electronic Components & Hardware | F98: Germany | G98: XETRA + FRANKFURT | H98: -
A99: DE0005773303 | B99: FRA | C99: FRAPORT AG | D99: Transportation & Logistics | E99: Transportation Services | F99: Germany | G99: XETRA + FRANKFURT | H99: MDAX
A100: DE000A0Z2ZZ5 | B100: FNTN | C100: FREENET AG NA O.N. | D100: Telecommunication | E100: Wireless Communication | F100: Germany | G100: XETRA + FRANKFURT | H100: MDAX | I100: TecDAX
A101: DE0005785802 | B101: FME | C101: FRESENIUS MEDICAL CARE AG O.N. | D101: Pharma & Healthcare | E101: Health Care | F101: Germany | G101: XETRA + FRANKFURT | H101: DAX
A102: DE000FRE5EN2 | B102: FRE | C102: FRESENIUS SE+CO.KGAA O.N. | D102: Pharma & Healthcare | E102: Health Care | F102: Germany | G102: XETRA + FRANKFURT | H102: DAX
A103: DE000A255F11 | B103: VH2 | C103: FRIEDRICH VORWERK GROUP SE | D103: Industrial | E103: Industrial Products & Services | F103: Germany | G103: XETRA + FRANKFURT | H103: SDAX
...

Sheet General Standard
A1: Companies in General Standard
A3: =Cover!C24 -> 46296
A6: Number of instruments: | B6: =COUNTA(C9:C1048576) -> 92
A7: Number of companies: | B7: 91
A8: ISIN | B8: Trading Symbol | C8: Company | D8: Sector | E8: Subsector | F8: Country | G8: Instrument Exchange | H8: Index | O8: DAX | P8: MDAX | Q8: SDAX
A9: DE000A3H3L44 | B9: 2INV | C9: 2INVEST AG NA O.N. | D9: Pharma & Healthcare | E9: Biotechnology | F9: Germany | G9: FRANKFURT | H9: - | O9: =COUNTIF(H9:H744,"DAX") -> 0 | P9: =COUNTIF(H9:H744,"MDAX") -> 1 | Q9: =COUNTIF(H9:H744,"SDAX") -> 3
A10: DE000A11QW68 | B10: HRPK | C10: 7C SOLARPARKEN AG O.N. | D10: Industrial | E10: Renewable Energies | F10: Germany | G10: XETRA + FRANKFURT | H10: -
A11: DE0006492903 | B11: LUM | C11: A.I.S. AG | D11: Industrial | E11: Renewable Energies | F11: Germany | G11: FRANKFURT | H11: -
A12: DE000A3H2101 | B12: AAQ1 | C12: AAP IMPLANTATE AG | D12: Pharma & Healthcare | E12: Medical Technology | F12: Germany | G12: XETRA + FRANKFURT | H12: - | O12: Sectors | R12: Subsectors
A13: DE000A40ZVK3 | B13: A4Y0 | C13: ACCENTRO REAL ESTATE AG O.N. | D13: Financial Services | E13: Real Estate | F13: Germany | G13: FRANKFURT | H13: - | O13: Financial Services | P13: =COUNTIF($D$9:$D$93,O13) -> 19 | R13: Biotechnology | S13: =COUNTIF($E$9:$E$744,R13) -> 4
A14: DE0005103006 | B14: ADV | C14: ADTRAN NETWORKS SE O.N. | D14: Technology | E14: Communications Technology | F14: Germany | G14: XETRA + FRANKFURT | H14: SDAX | O14: Industrial | P14: =COUNTIF($D$9:$D$93,O14) -> 17 | R14: Renewable Energies | S14: =COUNTIF($E$9:$E$744,R14) -> 6
A15: DE0006569403 | B15: ALG | C15: ALBIS LEASING AG O.N. | D15: Financial Services | E15: Diversified Financial | F15: Germany | G15: XETRA + FRANKFURT | H15: - | O15: Software | P15: =COUNTIF($D$9:$D$93,O15) -> 10 | R15: Communications Technology | S15: =COUNTIF($E$9:$E$744,R15) -> 3
A16: DE000A2GS633 | B16: AEIN | C16: ALLGEIER SE NA O.N. | D16: Software | E16: IT-Services | F16: Germany | G16: XETRA + FRANKFURT | H16: - | O16: Technology | P16: =COUNTIF($D$9:$D$93,O16) -> 4 | R16: Clothing & Footwear | S16: =COUNTIF($E$9:$E$744,R16) -> 1
A17: DE000A41YD99 | B17: AMA | C17: ALTECH ADVANCED MATERIALS NA O.N. | D17: Basic resources | E17: Forest & Paper Products | F17: Germany | G17: FRANKFURT | H17: -
A18: DE0001262152 | B18: DTD2 | C18: B+S BANKSYSTEME AG O.N. | D18: Software | E18: Software | F18: Germany | G18: XETRA + FRANKFURT | H18: - | O18: Pharma & Healthcare | P18: =COUNTIF($D$9:$D$93,O18) -> 6 | R18: Airlines | S18: =COUNTIF($E$9:$E$744,R18) -> 0
A19: DE0005201602 | B19: BEZ | C19: BERENTZEN-GRUPPE AG | D19: Food & Beverages | E19: Beverages | F19: Germany | G19: XETRA + FRANKFURT | H19: - | O19: Food & Beverages | P19: =COUNTIF($D$9:$D$93,O19) -> 2 | R19: Industrial Products & Services | S19: =COUNTIF($E$9:$E$744,R19) -> 2
A20: LU2859870326 | B20: B1GR | C20: BigRep SE | D20: Industrial | E20: Advanced Industrial Equipment | F20: Luxembourg | G20: FRANKFURT | H20: -
A21: DE0005229504 | B21: BIJ | C21: BIJOU BRIGITTE O.N. | D21: Retail | E21: Retail, Specialty | F21: Germany | G21: XETRA + FRANKFURT | H21: - | O21: Automobile | P21: =COUNTIF($D$9:$D$93,O21) -> 3 | R21: Diversified Financial | S21: =COUNTIF($E$9:$E$744,R21) -> 6
A22: DE000HNC2059 | B22: RTML | C22: CAMERIT AG | D22: Financial Services | E22: Diversified Financial | F22: Germany | G22: FRANKFURT | H22: - | O22: Utilities | P22: =COUNTIF($D$9:$D$93,O22) -> 3 | R22: IT-Services | S22: =COUNTIF($E$9:$E$744,R22) -> 6
A23: DE000A3E5C08 | B23: CNW | C23: CO.DON AG INH. O.N. | D23: Pharma & Healthcare | E23: Biotechnology | F23: Germany | G23: FRANKFURT | H23: - | O23: Retail | P23: =COUNTIF($D$9:$D$93,O23) -> 2 | R23: Retail, Specialty | S23: =COUNTIF($E$9:$E$744,R23) -> 1
A24: LU1296758029 | B24: CCAP | C24: CORESTATE CAPITAL HLDG | D24: Financial Services | E24: Real Estate | F24: Luxembourg | G24: XETRA + FRANKFURT | H24: - | O24: Construction | P24: =COUNTIF($D$9:$D$93,O24) -> 3 | R24: Advanced Industrial Equipment | S24: =COUNTIF($E$9:$E$744,R24) -> 0
A25: LU0251710041 | B25: O5G | C25: CPI PROPERTY GRP EO-,10 | D25: Financial Services | E25: Real Estate | F25: Luxembourg | G25: XETRA + FRANKFURT | H25: - | O25: Retail | P25: =COUNTIF($D$9:$D$93,O25) -> 0 | R25: Chemicals, Specialty | S25: =COUNTIF($E$9:$E$744,R25) -> 0
A26: DE000A41YGA6 | B26: CSQ | C26: Nexum Group AG | D26: Financial Services | E26: Diversified Financial | F26: Germany | G26: FRANKFURT | H26: - | O26: Telecommunication | P26: =COUNTIF($D$9:$D$93,O26) -> 0 | R26: Real Estate | S26: =COUNTIF($E$9:$E$744,R26) -> 8
A27: DE0008055021 | B27: DRE2 | C27: DEUTSCHE REAL ESTATE AG O.N. | D27: Financial Services | E27: Real Estate | F27: Germany | G27: FRANKFURT | H27: -
A28: DE000A0HN5C6 | B28: DWNI | C28: DEUTSCHE WOHNEN SE INH | D28: Financial Services | E28: Real Estate | F28: Germany | G28: XETRA + FRANKFURT | H28: - | O28: Transportation & Logistics | P28: =COUNTIF($D$9:$D$93,O28) -> 0 | R28: Clothing & Footwear | S28: =COUNTIF($E$9:$E$744,R28) -> 1
A29: DE000A2AA204 | B29: DFTK | C29: DF DEUTSCHE FORFAIT AG NA O.N. | D29: Financial Services | E29: Diversified Financial | F29: Germany | G29: XETRA + FRANKFURT | H29: - | O29: Banks | P29: =COUNTIF($D$9:$D$93,O29) -> 1 | R29: Steel & Other Metals | S29: =COUNTIF($E$9:$E$744,R29) -> 1
A30: DE0005580005 | B30: DIE | C30: DIERIG HOLDING AG O.N. | D30: Consumer | E30: Clothing & Footwear | F30: Germany | G30: XETRA + FRANKFURT | H30: - | R30: Electricity | S30: =COUNTIF($E$9:$E$744,R30) -> 1
A31: DE0005658009 | B31: EIS | C31: EISEN- UND HUETTENWERKE | D31: Basic Resources | E31: Steel & Other Metals | F31: Germany | G31: FRANKFURT | H31: - | R31: Securities Brokers | S31: =COUNTIF($E$9:$E$744,R31) -> 0
A32: DE000A255G02 | B32: H2O | C32: ENAPTER AG INH O.N. | D32: Industrial | E32: Renewable Energies | F32: Germany | G32: XETRA + FRANKFURT | H32: - | R32: Industrial, Diversified | S32: =COUNTIF($E$9:$E$744,R32) -> 3
A33: DE0005220008 | B33: EBK | C33: ENBW ENERGIE BADEN-WUERTTEMBERG ON | D33: Utilities | E33: Electricity | F33: Germany | G33: XETRA + FRANKFURT | H33: - | R33: Multi-Utilities | S33: =COUNTIF($E$9:$E$744,R33) -> 2
A34: DE0005313506 | B34: EKT | C34: ENERGIEKONTOR O.N. | D34: Industrial | E34: Renewable Energies | F34: Germany | G34: XETRA + FRANKFURT | H34: SDAX | R34: Retail, Internet | S34: =COUNTIF($E$9:$E$744,R34) -> 1
A35: DE000A37FT41 | B35: ECX | C35: EPIGENOMICS AG NA O.N. | D35: Pharma & Healthcare | E35: Biotechnology | F35: Germany | G35: FRANKFURT | H35: - | R35: Heavy Machinery | S35: =COUNTIF($E$9:$E$744,R35) -> 0
A36: DE000A0MW975 | B36: FVI | C36: FAIR VALUE REIT-AG INH.ON | D36: Financial Services | E36: Real Estate | F36: Germany | G36: FRANKFURT | H36: - | R36: Movies & Entertainment | S36: =COUNTIF($E$9:$E$744,R36) -> 6
A37: DE0005775803 | B37: FRS | C37: FORIS AG | D37: Financial Services | E37: Diversified Financial | F37: Germany | G37: XETRA + FRANKFURT | H37: - | R37: Advanced Industrial Equipment | S37: =COUNTIF($E$9:$E$744,R37) -> 4
A38: ATFREQUENT09 | B38: FQT | C38: FREQUENTIS AG | D38: Technology | E38: Communications Technology | F38: Austria | G38: XETRA + FRANKFURT | H38: - | R38: Forest & Paper Products | S38: =COUNTIF($E$9:$E$744,R38) -> 1
A39: DE0007760001 | B39: WWG | C39: GELSENWASSER AG | D39: Utilities | E39: Multi-Utilities | F39: Germany | G39: FRANKFURT | H39: - | R39: Broadcasting | S39: =COUNTIF($E$9:$E$744,R39) -> 0
A40: DE0005156004 | B40: GGS | C40: GIGASET AG O.N. | D40: Technology | E40: Communications Technology | F40: Germany | G40: FRANKFURT | H40: - | R40: Industrial Machinery | S40: =COUNTIF($E$9:$E$744,R40) -> 1
A41: DE000A254294 | B41: IPOK | C41: HEIDELBERGER BETEILIGUNGSHOLDING O.N. | D41: Financial Services | E41: Private Equity & Venture Capital | F41: Germany | G41: XETRA + FRANKFURT | H41: - | R41: Telecommunication Services | S41: =COUNTIF($E$9:$E$744,R41) -> 0
A42: DE0006097108 | B42: IFS | C42: INFAS HOLDING AG O.N. | D42: Industrial | E42: Industrial Products & Services | F42: Germany | G42: FRANKFURT | H42: -
A43: DE0006223605 | B43: ITN | C43: INTERTAINMENT AG INH O.N. | D43: Media | E43: Movies & Entertainment | F43: Germany | G43: XETRA + FRANKFURT | H43: - | R43: Health Care | S43: =COUNTIF($E$9:$E$744,R43) -> 1
A44: CH0451424300 | B44: IQL | C44: IQ INTERNATIONAL AG SF-,01 | D44: Automobile | E44: Auto Parts & Equipment | F44: Switzerland | G44: FRANKFURT | H44: - | R44: Software | S44: =COUNTIF($E$9:$E$744,R44) -> 3
A45: DE0006208408 | B45: IUR | C45: KAP AG INH O.N. | D45: Industrial | E45: Industrial, Diversified | F45: Germany | G45: XETRA + FRANKFURT | H45: - | R45: Logistics | S45: =COUNTIF($E$9:$E$744,R45) -> 1
A46: DE0006578008 | B46: KWG | C46: KHD HUMBOLDT WEDAG O.N. | D46: Industrial | E46: Industrial Machinery | F46: Germany | G46: XETRA + FRANKFURT | H46: - | R46: Electronic Components & Hardware | S46: =COUNTIF($E$9:$E$744,R46) -> 0
A47: DE000A1X3WW8 | B47: HETA | C47: KHD HUMBOLDT WEDAG VV NA O.N. | D47: Industrial | E47: Diversified Financial | F47: Germany | G47: FRANKFURT | H47: - | R47: Private Equity & Venture Capital | S47: 7
A48: DE000A1A6V48 | B48: KSC | C48: KPS AG NA O.N. | D48: Software | E48: IT-Services | F48: Germany | G48: XETRA + FRANKFURT | H48: -
A49: LU2358378979 | B49: LRND | C49: LEARND SE | D49: Software | E49: IT-Services | F49: Luxembourg | G49: XETRA + FRANKFURT | H49: - | R49: Industrial Machinery | S49: =COUNTIF($E$9:$E$744,R49) -> 2
A50: DE0005490601 | B50: LEOW | C50: Leo International Precision Health AG | D50: Financial Services | E50: Private Equity & Venture Capital | F50: Germany | G50: XETRA + FRANKFURT | H50: -
A51: DE000A161N22 | B51: TUF | C51: LIBERO FOOTBALL FINANCE AG | D51: Financial Services | E51: Private Equity & Venture Capital | F51: Germany | G51: XETRA + FRANKFURT | H51: - | R51: Automobile Manufacturers | S51: =COUNTIF($E$9:$E$744,R51) -> 1
A52: DE0005754402 | B52: LSX | C52: LS TELCOM AG | D52: Software | E52: Software | F52: Germany | G52: XETRA + FRANKFURT | H52: - | R52: Advertising | S52: =COUNTIF($E$9:$E$744,R52) -> 1
A53: DE0006553464 | B53: MNV6 | C53: MAINOVA AG O.N. | D53: Utilities | E53: Multi-Utilities | F53: Germany | G53: FRANKFURT | H53: - | R53: Consumer Electronics | S53: =COUNTIF($E$9:$E$744,R53) -> 1
A54: LU2380748603 | B54: MS1 | C54: MARLEY SPOON GROUP SE | D54: Retail | E54: Retail, Internet | F54: Luxembourg | G54: XETRA + FRANKFURT | H54: -
A55: DE0006052830 | B55: MBH3 | C55: MASCHINENFABRIK BERTHOLD HERMLE O.N. VZO | D55: Industrial | E55: Industrial Machinery | F55: Germany | G55: FRANKFURT | H55: - | R55: Leasure | S55: =COUNTIF($E$9:$E$744,R55) -> 0
A56: DE0006044001 | B56: MAK | C56: MATERNUS-KLINIKEN AG O.N. | D56: Pharma & Healthcare | E56: Health Care | F56: Germany | G56: XETRA + FRANKFURT | H56: - | R56: Pharmaceuticals | S56: =COUNTIF($E$9:$E$744,R56) -> 0
A57: DE000A2DA588 | B57: MXHN | C57: MAX AUTOMATION SE NA O.N. | D57: Industrial | E57: Industrial, Diversified | F57: Germany | G57: XETRA + FRANKFURT | H57: -
A58: DE000A254203 | B58: WOLF | C58: META WOLF AG INH O.N. | D58: Construction | E58: Building Materials | F58: Germany | G58: XETRA + FRANKFURT | H58: -
A59: DE000A0LBFE4 | B59: M3V | C59: MEVIS MEDICAL SOLUTIONS NA O.N. | D59: Software | E59: Software | F59: Germany | G59: XETRA + FRANKFURT | H59: -
A60: DE000A2LQ728 | B60: ML2 | C60: MING LE SPORTS AG | D60: Consumer | E60: Clothing & Footwear | F60: Germany | G60: FRANKFURT | H60: -
A61: DE0006214687 | B61: MLL | C61: MUELLER-DIE LILA LOGISTIK SE | D61: Transportation & Logistics | E61: Logistics | F61: Germany | G61: XETRA + FRANKFURT | H61: -
A62: DE000WNDL300 | B62: WDL | C62: NAKIKI SE | D62: Financial services | E62: Private Equity & Venture Capital | F62: Germany | G62: XETRA + FRANKFURT | H62: -
A63: DE000A1K03W5 | B63: NXR | C63: NEXR TECHNOLOGIES SE INH O.N. | D63: Media | E63: Movies & Entertainment | F63: Germany | G63: FRANKFURT | H63: -
A64: DE000A12UP37 | B64: NC5A | C64: NORCOM INFORMATION TECHNOLOGY INH ON | D64: Software | E64: IT-Services | F64: Germany | G64: XETRA + FRANKFURT | H64: -
A65: DE0006775505 | B65: NWX | C65: NORDWEST HANDEL AG | D65: Industrial | E65: Industrial Products & Services | F65: Germany | G65: FRANKFURT | H65: -
A66: DE0005228779 | B66: OBS | C66: ORBIS SE O.N. | D66: Software | E66: IT-Services | F66: Germany | G66: XETRA + FRANKFURT | H66: -
A67: DE000A3E5EG5 | B67: PA8 | C67: PAION O.N | D67: Pharma & Healthcare | E67: Biotechnology | F67: Germany | G67: FRANKFURT | H67: -
A68: DE000A1R1C81 | B68: ICP | C68: United Eco Solutions AG | D68: Technology | E68: Communications Technology | F68: Germany | G68: FRANKFURT | H68: -
... A78: DE000A3E5E55 | B78: HP3 | C78: RINGMETALL SE NA O.N. | D78: Industrial | E78: Containers & Packaging | F78: Germany | G78: XETRA + FRANKFURT | H78: -
A79: DE000A3MQRK6 | B79: 3330 | C79: Rostra AG | D79: Financial Services | E79: Private Equity & Venture Capital | F79: Germany | G79: XETRA + FRANKFURT | H79: -
A80: DE0007229007 | B80: SWA | C80: SCHLOSS WACHENHEIM AG O.N | D80: Food & Beverages | E80: Beverages | F80: Germany | G80: XETRA + FRANKFURT | H80: -
A81: DE000A3E5CP0 | B81: SIM | C81: SIMONA AG O.N. | D81: Chemicals | E81: Chemicals, Commodity | F81: Germany | G81: FRANKFURT | H81: -
A82: DE000SGU8886 | B82: SGU | C82: SINO-GERMAN UNITED AG O.N. | D82: Industrial | E82: Industrial, Diversified | F82: Germany | G82: FRANKFURT | H82: -
A83: LU2380749676 | B83: RCVR | C83: SMG EUROPEAN RECOV. EO 1 | D83: Financial Services | E83: Private Equity & Venture Capital | F83: Luxembourg | G83: FRANKFURT | H83: -
A84: DE0007274136 | B84: STO3 | C84: STO SE+CO.KGAA VZO O.N. | D84: Construction | E84: Building Materials | F84: Germany | G84: XETRA + FRANKFURT | H84: SDAX
A85: DE000A1TNU68 | B85: SF3 | C85: STS GROUP AG O.N. | D85: Automobile | E85: Auto Parts & Equipment | F85: Germany | G85: XETRA + FRANKFURT | H85: -
A86: DE0007454209 | B86: TCU | C86: TC UNTERHALTUNGSELEKTRONIK | D86: Consumer | E86: Consumer Electronics | F86: Germany | G86: FRANKFURT | H86: -
A87: DE000A1YC996 | B87: PU11 | C87: THE SOCIAL CHAIN AG | D87: Media | E87: Advertising | F87: Germany | G87: FRANKFURT | H87: -
A88: DE000A409732 | B88: TIS | C88: TISCON AG i.A. | D88: Software | E88: IT-Services | F88: Germany | G88: FRANKFURT | H88: -
A89: DE0007501009 | B89: TTO | C89: TTL BETEILIGUNGS- UND GRUNDBESITZ AG INH ON | D89: Financial Services | E89: Real Estate | F89: Germany | G89: FRANKFURT | H89: -
A90: IT0005239360 | B90: CRIN | C90: UNICREDIT | D90: Banks | E90: Credit Banks | F90: Italy | G90: XETRA + FRANKFURT | H90: -
A91: DE0007551509 | B91: UZU | C91: UZIN UTZ SE O.N. | D91: Construction | E91: Building Materials | F91: Germany | G91: XETRA + FRANKFURT | H91: -
... A100: DE000A42D2N5 | B100: HE8 | C100: HELIOS SOLAR AG | D100: Industrial | E100: Renewable Energies | F100: Germany | G100: XETRA + FRANKFURT | H100: -

Sheet Scale
A1: Companies in Scale
A3: =Cover!C24 -> 46296
A6: Number of instruments: | B6: =COUNTA(C9:C1048576) -> 49
A7: Number of companies: | B7: 48
A8: ISIN | B8: Trading Symbol | C8: Company | D8: Sector | E8: Subsector | F8: Country | G8: Instrument Exchange | H8: Index
A9: DE000A0HL8N9 | B9: 2GB | C9: 2G ENERGY AG | D9: Industrial | E9: Renewable Energies | F9: Germany | G9: XETRA + FRANKFURT | H9: -
A10: DE000A0M93V6 | B10: ABX | C10: ADVANCED BLOCKCHAIN AG | D10: Software | E10: Software | F10: Germany | G10: XETRA + FRANKFURT | H10: -
A11: DE000A41YFW2 | B11: AGRB | C11: AGROB Immobilien AG | D11: Financial Services | E11: Real Estate | F11: Germany | G11: XETRA + FRANKFURT | H11: -
A12: DE000A41YFV4 | B12: AGRA | C12: AGROB Immobilien AG | D12: Financial Services | E12: Real Estate | F12: Germany | G12: XETRA + FRANKFURT | H12: -
A13: DE0005209589 | B13: A6T | C13: ARTEC TECHNOLOGIES O.N. | D13: Software | E13: Software | F13: Germany | G13: XETRA + FRANKFURT | H13: -
A14: DE000A1TNNN5 | B14: ACWN | C14: A.S.CREATION TAPETEN NA | D14: Consumer | E14: Home Construction & Furnishings | F14: Germany | G14: XETRA + FRANKFURT | H14: -
A15: DE000A0JM2M1 | B15: B7E | C15: BLUE CAP O.N. | D15: Industrial | E15: Industrial, Diversified | F15: Germany | G15: XETRA + FRANKFURT | H15: -
A16: DE000A3DSV01 | B16: HIGH | C16: CANTOURAGE GROUP SE O.N. | D16: Pharma & Healthcare | E16: Pharmaceuticals | F16: Germany | G16: XETRA + FRANKFURT | H16: -
A17: DE0007830572 | B17: 4DS | C17: DALDRUP+SOEHNE AG | D17: Industrial | E17: Renewable Energies | F17: Germany | G17: XETRA + FRANKFURT | H17: -
A18: DE000A0V9LA7 | B18: DAR | C18: DATRON AG INH.O.N. | D18: Industrial | E18: Industrial Machinery | F18: Germany | G18: XETRA + FRANKFURT | H18: -
A19: DE000A0MZ4B0 | B19: DLX | C19: DELIGNIT AG INH.O.N. | D19: Industrial | E19: Renewable Energies | F19: Germany | G19: XETRA + FRANKFURT | H19: -
... A57: DE000A42FR12 | B57: 1SMA | C57: SMAG Mobile Antenna Masts AG | D57: Industrial | E57: Heavy Machiners | F57: Germany | G57: XETRA + FRANKFURT | H57: -

Sheet Basic Board
A1: Companies in Basic Board
A3: =Cover!C24 -> 46296
A6: Number of instruments: | B6: =COUNTA(C9:C1048576) -> 60
A7: Number of companies: | B7: 59
A8: ISIN | B8: Trading Symbol | C8: Company | D8: Sector | E8: Subsector | F8: Country | G8: Instrument Exchange | H8: Index
A9: NL0010872388 | B9: 3SQ1 | C9: A.H.T. SYNGAS TECHNOLOGY N.V. | D9: Utilities | E9: Multi-Utilities | F9: Netherlands | G9: XETRA + FRANKFURT | H9: -
A10: DE000A0LBKW6 | B10: CFC | C10: aconnic AG | D10: Industrial | E10: Industrial, Diversified | F10: Germany | G10: XETRA + FRANKFURT | H10: -
A11: DE0005214506 | B11: ADC | C11: ADCAPITAL AG | D11: Automobile | E11: Auto Parts & Equipment | F11: Germany | G11: FRANKFURT | H11: -
A12: DE0007269003 | B12: OEL | C12: ADM HAMBURG AG O.N. | D12: Food & Beverages | E12: Food | F12: Germany | G12: FRANKFURT | H12: -
A13: DE000A40ZUV2 | B13: VG80 | C13: Ascory BANK AG | D13: Financial Services | E13: Securities Brokers | F13: Germany | G13: XETRA + FRANKFURT | H13: -
A14: DE000A40ET13 | B14: 3ITN | C14: AUDIUS SE | D14: Software | E14: IT-Services | F14: Germany | G14: XETRA + FRANKFURT | H14: -
A15: DE0005221303 | B15: BFV | C15: BERL.EFFEKTENGES.AG O.N. | D15: Financial Services | E15: Diversified Financial | F15: Germany | G15: FRANKFURT | H15: -
A16: DE000A0NK3W4 | B16: SPT6 | C16: Beta Systems Software AG | D16: Software | E16: Software | F16: Germany | G16: FRANKFURT | H16: -
A17: DE000A3H2135 | B17: MA1 | C17: maxx26 AG | D17: Financial Services | E17: Private Equity & Venture Capital | F17: Germany | G17: XETRA + FRANKFURT | H17: -
A18: DE000A41YD32 | B18: T5O | C18: bioXXmed AG | D18: Pharma & Healthcare | E18: Biotechnology | F18: Germany | G18: FRANKFURT | H18: -
A19: DE000A1TNMM9 | B19: CTNK | C19: CENTROTHERM INTERNATIONAL AG | D19: Industrial | E19: Renewable Energies | F19: Germany | G19: FRANKFURT | H19: -
... A68: DE000A35JS40 | B68: CLIQ | C68: CLIQ DIGITAL AG O.N. | D68: Retail | E68: Retail, Internet | F68: Germany | G68: XETRA + FRANKFURT | H68: -

Sheet Änderungen
B2: KAM | C2: ISIN | D2: Prime Standard | E2: Änderung | F2: Datum
B4: Jacqueline Jankang | C4: DE0005552004 | D4: DHL AG | E4: Namensänderung von Deutsche Post AG | F4: 01.09.2026
B5: Julia Kraft | C5: DE0005558696 | D5: PARAGON KGAA INH O.N. | E5: Delisting | F5: 11.09.2026
B6: Julia Becker | C6: DE000A41YHG1 | D6: Alzchem Group AG | E6: Umstellung Inhaber auf Namen Stückaktien + ISIN-Wechsel von DE000A2YNT30 | F6: 17.09.2026
B7: Julia Kraft | C7: LU0472835155 | D7: H2APEX GROUP SCA | E7: Segmentwechsel --> Scale | F7: 24.09.2026
B8: - | C8: NL0000888691 | D8: AMG Critical Materials N.V. | E8: Listing aus Freiverkehr --> Prime Standard | F8: 29.09.2026
B13: KAM | C13: ISIN | D13: General Standard | E13: Änderung | F13: Datum
B15: David Hofmann | C15: DE000A2G9M17 | D15: CAPSENSIXX AG INH O.N. | E15: Delisting | F15: 31.07.2026
B16: David Hofmann | C16: DE0006201106 | D16: FRIWO AG | E16: Segmentwechsel --> Scale | F16: 14.09.2026
B17: Julia Becker | C17: DE000A41YEG8 | D17: Nexum Group AG | E17: ISIN-Wechsel von DE000A41YEG8 --> DE000A41YGA6 | F17: 21.09.2026
B18: Julia Becker | C18: DE0005156236 | D18: SCHWEIZER ELECTRONIC NA O.N. | E18: Segmentwechsel --> Scale | F18: 25.09.2026
B22: KAM | C22: ISIN | D22: Scale | E22: Änderung | F22: Datum
... B42: Julia Becker | C42: DE000A2E4MK4 | D42: Noratis AG | E42: Delisting | F42: 01.12.2026
C45: *noch nicht geändert
C46: * geändert in PW datei
C47: *bereits geändert in beiden Listen
C48: *Änderungen in der Zukunft
C49: *Alle Änderungen auch in der Nicht-Passwortdatei ändern Und 1x im Monat die Index-Werte checken.

Sheet Sonstige Notizen
B2: Datum auf allen Sheets geändert?
B3: Alle Änderungen eingetragen?
B4: S-Dax / M-Dax - Dax Änderungen eingetragen?
B5: KAMs alle eingetragen? -> in SAP suchen, auch wenn Delisting schon Stattgefunden hat: Suchen, Oben rechts auf den Filter, dann Obsolet anklicken -> neues Fester Obsolet rausnehmen, go, sehen wer vorher KAM war und obsolet wieder rein nehmen!
B8: DAX:
B9: Aufnahme | C9: Herausnahme | D9: Wirksam ab:
B13: MDAX:
B14: Aufnahme | C14: Herausnahme | D14: Wirksam ab:
B15: Ströer SE & Co. KGaA | D15: 21.09.2026
C16: Hugo Boss AG | D16: 21.09.2026
B18: SDAX:
B19: Aufnahme | C19: Herausnahme | D19: Wirksam ab:
B20: Hugo Boss AG | D20: 21.09.2026
C21: Ströer SE & Co. KGaA | D21: 21.09.2026
B24: TECDAX
B25: Aufnahme | C25: Herausnahme | D25: Wirksam ab:
B26: OHB SE | D26: 21.09.2026
C27: CANCOM SE | D27: 21.09.2026
B29: HDAX
B30: Aufnahme | C30: Herausahme | D30: Wirksam ab:

Sheet Sektor Sonderänderungen
B2: Auf Anweisung Email Jacki
A5: DE0005557508 | B5: DEUTSCHE TELEKOM | C5: T | D5: Technology | E5: T4 | F5: Telecommunication | G5: T416 | H5: Telecommunication | I5: T41602 | J5: Telecommunication Services
A6: DE000BAY0017 | B6: BAYER | C6: C | D6: Classic | E6: C6 | F6: Pharma & Healthcare | G6: C612 | H6: Pharma & Healthcare | I6: C61204 | J6: Pharmaceuticals
A7: DE000ENER6Y0 | B7: SIEMENS ENERGY | C7: C | D7: Classic | E7: C1 | F7: Industrials | G7: C109 | H7: Industrial | I7: C10907 | J7: Industrial, Diversified
A8: DE0007030009 | B8: RHEINMETALL | C8: C | D8: Classic | E8: C1 | F8: Industrials | G8: C109 | H8: Industrial | I8: C10904 | J8: Heavy Machinery
A9: DE0006062144 | B9: COVESTRO | C9: C | D9: Classic | E9: C7 | F9: Basic Materials | G9: C704 | H9: Chemicals | I9: C70401 | J9: Chemicals, Commodity
A10: DE0006602006 | B10: GEA GRP | C10: C | D10: Classic | E10: C1 | F10: Industrials | G10: C109 | H10: Industrial | I10: C10905 | J10: Industrial Machinery
A11: DE000KGX8881 | B11: KION GROUP | C11: C | D11: Classic | E11: C1 | F11: Industrials | G11: C109 | H11: Industrial | I11: C10905 | J11: Industrial Machinery
A12: DE000HAG0005 | B12: HENSOLDT | C12: T | D12: Technology | E12: T1 | F12: Industrials | G12: T109 | H12: Industrial | I12: T10901 | J12: Advanced Industrial Equipment
A13: DE0005089031 | B13: UNITED INTERNET | C13: T | D13: Technology | E13: T4 | F13: Telecommunication | G13: T416 | H13: Telecommunication | I13: T41602 | J13: Telecommunication Services
A14: AT0000A0E9W5 | B14: KONTRON | C14: T | D14: Technology | E14: T2 | F14: Information Technology | G14: T214 | H14: Software | I14: T21402 | J14: IT-Services
A15: DE000SAFH001 | B15: SAF-HOLLAND | C15: C | D15: Classic | E15: C8 | F15: Consumer Goods | G15: C801 | H15: Automobile | I15: C80101 | J15: Auto Parts & Equipment
A16: DE0007074007 | B16: KWS SAAT | C16: C | D16: Classic | E16: C8 | F16: Consumer Goods | G16: C808 | H16: Food & Beverages | I16: C80802 | J16: Food
... A56: DE000A0KPPR7 | B56: NABALTEC | C56: C | D56: Classic | E56: C7 | F56: Basic Materials | G56: C704 | H56: Chemicals | I56: C70402 | J56: Chemicals, Speciality

Sheet Indices
B3: Prime Standard
C4: DAX | D4: MDAX | E4: SDAX
C5: =IF(ISERROR(VLOOKUP($C$4,CHOOSE({2,1},'Prime Standard'!$C9:$C9,'Prime Standard'!$H9:$H9),2,FALSE)) = TRUE,"",VLOOKUP($C$4,CHOOSE({2,1},'Prime Standard'!$C9:$C9,'Prime Standard'!$H9:$H9),2,FALSE)) | D5: =IF(ISERROR(VLOOKUP($D$4,CHOOSE({2,1},'Prime Standard'!$C9:$C9,'Prime Standard'!$H9:$H9),2,FALSE)) = TRUE,"",VLOOKUP($D$4,CHOOSE({2,1},'Prime Standard'!$C9:$C9,'Prime Standard'!$H9:$H9),2,FALSE)) | E5: =IF(ISERROR(VLOOKUP($E$4,CHOOSE({2,1},'Prime Standard'!$C9:$C9,'Prime Standard'!$H9:$H9),2,FALSE)) = TRUE,"",VLOOKUP($E$4,CHOOSE({2,1},'Prime Standard'!$C9:$C9,'Prime Standard'!$H9:$H9),2,FALSE)) -> 1&1 AG
C6: =IF(ISERROR(VLOOKUP($C$4,CHOOSE({2,1},'Prime Standard'!$C10:$C10,'Prime Standard'!$H10:$H10),2,FALSE)) = TRUE,"",VLOOKUP($C$4,CHOOSE({2,1},'Prime Standard'!$C10:$C10,'Prime Standard'!$H10:$H10),2,FALSE)) | D6: =IF(ISERROR(VLOOKUP($D$4,CHOOSE({2,1},'Prime Standard'!$C10:$C10,'Prime Standard'!$H10:$H10),2,FALSE)) = TRUE,"",VLOOKUP($D$4,CHOOSE({2,1},'Prime Standard'!$C10:$C10,'Prime Standard'!$H10:$H10),2,FALSE)) | E6: =IF(ISERROR(VLOOKUP($E$4,CHOOSE({2,1},'Prime Standard'!$C10:$C10,'Prime Standard'!$H10:$H10),2,FALSE)) = TRUE,"",VLOOKUP($E$4,CHOOSE({2,1},'Prime Standard'!$C10:$C10,'Prime Standard'!$H10:$H10),2,FALSE))
C7: =IF(ISERROR(VLOOKUP($C$4,CHOOSE({2,1},'Prime Standard'!$C11:$C11,'Prime Standard'!$H11:$H11),2,FALSE)) = TRUE,"",VLOOKUP($C$4,CHOOSE({2,1},'Prime Standard'!$C11:$C11,'Prime Standard'!$H11:$H11),2,FALSE)) | D7: =IF(ISERROR(VLOOKUP($D$4,CHOOSE({2,1},'Prime Standard'!$C11:$C11,'Prime Standard'!$H11:$H11),2,FALSE)) = TRUE,"",VLOOKUP($D$4,CHOOSE({2,1},'Prime Standard'!$C11:$C11,'Prime Standard'!$H11:$H11),2,FALSE)) | E7: =IF(ISERROR(VLOOKUP($E$4,CHOOSE({2,1},'Prime Standard'!$C11:$C11,'Prime Standard'!$H11:$H11),2,FALSE)) = TRUE,"",VLOOKUP($E$4,CHOOSE({2,1},'Prime Standard'!$C11:$C11,'Prime Standard'!$H11:$H11),2,FALSE))
C8: =IF(ISERROR(VLOOKUP($C$4,CHOOSE({2,1},'Prime Standard'!#REF!,'Prime Standard'!#REF!),2,FALSE)) = TRUE,"",VLOOKUP($C$4,CHOOSE({2,1},'Prime Standard'!#REF!,'Prime Standard'!#REF!),2,FALSE)) | D8: =IF(ISERROR(VLOOKUP($D$4,CHOOSE({2,1},'Prime Standard'!#REF!,'Prime Standard'!#REF!),2,FALSE)) = TRUE,"",VLOOKUP($D$4,CHOOSE({2,1},'Prime Standard'!#REF!,'Prime Standard'!#REF!),2,FALSE)) | E8: =IF(ISERROR(VLOOKUP($E$4,CHOOSE({2,1},'Prime Standard'!#REF!,'Prime Standard'!#REF!),2,FALSE)) = TRUE,"",VLOOKUP($E$4,CHOOSE({2,1},'Prime Standard'!#REF!,'Prime Standard'!#REF!),2,FALSE))
C9: =IF(ISERROR(VLOOKUP($C$4,CHOOSE({2,1},'Prime Standard'!#REF!,'Prime Standard'!#REF!),2,FALSE)) = TRUE,"",VLOOKUP($C$4,CHOOSE({2,1},'Prime Standard'!#REF!,'Prime Standard'!#REF!),2,FALSE)) | D9: =IF(ISERROR(VLOOKUP($D$4,CHOOSE({2,1},'Prime Standard'!#REF!,'Prime Standard'!#REF!),2,FALSE)) = TRUE,"",VLOOKUP($D$4,CHOOSE({2,1},'Prime Standard'!#REF!,'Prime Standard'!#REF!),2,FALSE)) | E9: =IF(ISERROR(VLOOKUP($E$4,CHOOSE({2,1},'Prime Standard'!#REF!,'Prime Standard'!#REF!),2,FALSE)) = TRUE,"",VLOOKUP($E$4,CHOOSE({2,1},'Prime Standard'!#REF!,'Prime Standard'!#REF!),2,FALSE))
C10: =IF(ISERROR(VLOOKUP($C$4,CHOOSE({2,1},'Prime Standard'!#REF!,'Prime Standard'!#REF!),2,FALSE)) = TRUE,"",VLOOKUP($C$4,CHOOSE({2,1},'Prime Standard'!#REF!,'Prime Standard'!#REF!),2,FALSE)) | D10: =IF(ISERROR(VLOOKUP($D$4,CHOOSE({2,1},'Prime Standard'!#REF!,'Prime Standard'!#REF!),2,FALSE)) = TRUE,"",VLOOKUP($D$4,CHOOSE({2,1},'Prime Standard'!#REF!,'Prime Standard'!#REF!),2,FALSE)) | E10: =IF(ISERROR(VLOOKUP($E$4,CHOOSE({2,1},'Prime Standard'!#REF!,'Prime Standard'!#REF!),2,FALSE)) = TRUE,"",VLOOKUP($E$4,CHOOSE({2,1},'Prime Standard'!#REF!,'Prime Standard'!#REF!),2,FALSE))
C11: =IF(ISERROR(VLOOKUP($C$4,CHOOSE({2,1},'Prime Standard'!$C12:$C12,'Prime Standard'!$H12:$H12),2,FALSE)) = TRUE,"",VLOOKUP($C$4,CHOOSE({2,1},'Prime Standard'!$C12:$C12,'Prime Standard'!$H12:$H12),2,FALSE)) | D11: =IF(ISERROR(VLOOKUP($D$4,CHOOSE({2,1},'Prime Standard'!$C12:$C12,'Prime Standard'!$H12:$H12),2,FALSE)) = TRUE,"",VLOOKUP($D$4,CHOOSE({2,1},'Prime Standard'!$C12:$C12,'Prime Standard'!$H12:$H12),2,FALSE)) | E11: =IF(ISERROR(VLOOKUP($E$4,CHOOSE({2,1},'Prime Standard'!$C12:$C12,'Prime Standard'!$H12:$H12),2,FALSE)) = TRUE,"",VLOOKUP($E$4,CHOOSE({2,1},'Prime Standard'!$C12:$C12,'Prime Standard'!$H12:$H12),2,FALSE))
C12: =IF(ISERROR(VLOOKUP($C$4,CHOOSE({2,1},'Prime Standard'!$C13:$C13,'Prime Standard'!$H13:$H13),2,FALSE)) = TRUE,"",VLOOKUP($C$4,CHOOSE({2,1},'Prime Standard'!$C13:$C13,'Prime Standard'!$H13:$H13),2,FALSE)) | D12: =IF(ISERROR(VLOOKUP($D$4,CHOOSE({2,1},'Prime Standard'!$C13:$C13,'Prime Standard'!$H13:$H13),2,FALSE)) = TRUE,"",VLOOKUP($D$4,CHOOSE({2,1},'Prime Standard'!$C13:$C13,'Prime Standard'!$H13:$H13),2,FALSE)) | E12: =IF(ISERROR(VLOOKUP($E$4,CHOOSE({2,1},'Prime Standard'!$C13:$C13,'Prime Standard'!$H13:$H13),2,FALSE)) = TRUE,"",VLOOKUP($E$4,CHOOSE({2,1},'Prime Standard'!$C13:$C13,'Prime Standard'!$H13:$H13),2,FALSE))
C13: =IF(ISERROR(VLOOKUP($C$4,CHOOSE({2,1},'Prime Standard'!$C14:$C14,'Prime Standard'!$H14:$H14),2,FALSE)) = TRUE,"",VLOOKUP($C$4,CHOOSE({2,1},'Prime Standard'!$C14:$C14,'Prime Standard'!$H14:$H14),2,FALSE)) -> ADIDAS AG NA O.N. | D13: =IF(ISERROR(VLOOKUP($D$4,CHOOSE({2,1},'Prime Standard'!$C14:$C14,'Prime Standard'!$H14:$H14),2,FALSE)) = TRUE,"",VLOOKUP($D$4,CHOOSE({2,1},'Prime Standard'!$C14:$C14,'Prime Standard'!$H14:$H14),2,FALSE)) | E13: =IF(ISERROR(VLOOKUP($E$4,CHOOSE({2,1},'Prime Standard'!$C14:$C14,'Prime Standard'!$H14:$H14),2,FALSE)) = TRUE,"",VLOOKUP($E$4,CHOOSE({2,1},'Prime Standard'!$C14:$C14,'Prime Standard'!$H14:$H14),2,FALSE))
C14: =IF(ISERROR(VLOOKUP($C$4,CHOOSE({2,1},'Prime Standard'!$C15:$C15,'Prime Standard'!$H15:$H15),2,FALSE)) = TRUE,"",VLOOKUP($C$4,CHOOSE({2,1},'Prime Standard'!$C15:$C15,'Prime Standard'!$H15:$H15),2,FALSE)) | D14: =IF(ISERROR(VLOOKUP($D$4,CHOOSE({2,1},'Prime Standard'!$C15:$C15,'Prime Standard'!$H15:$H15),2,FALSE)) = TRUE,"",VLOOKUP($D$4,CHOOSE({2,1},'Prime Standard'!$C15:$C15,'Prime Standard'!$H15:$H15),2,FALSE)) | E14: =IF(ISERROR(VLOOKUP($E$4,CHOOSE({2,1},'Prime Standard'!$C15:$C15,'Prime Standard'!$H15:$H15),2,FALSE)) = TRUE,"",VLOOKUP($E$4,CHOOSE({2,1},'Prime Standard'!$C15:$C15,'Prime Standard'!$H15:$H15),2,FALSE))
C15: =IF(ISERROR(VLOOKUP($C$4,CHOOSE({2,1},'Prime Standard'!$C16:$C16,'Prime Standard'!$H16:$H16),2,FALSE)) = TRUE,"",VLOOKUP($C$4,CHOOSE({2,1},'Prime Standard'!$C16:$C16,'Prime Standard'!$H16:$H16),2,FALSE)) | D15: =IF(ISERROR(VLOOKUP($D$4,CHOOSE({2,1},'Prime Standard'!$C16:$C16,'Prime Standard'!$H16:$H16),2,FALSE)) = TRUE,"",VLOOKUP($D$4,CHOOSE({2,1},'Prime Standard'!$C16:$C16,'Prime Standard'!$H16:$H16),2,FALSE)) | E15: =IF(ISERROR(VLOOKUP($E$4,CHOOSE({2,1},'Prime Standard'!$C16:$C16,'Prime Standard'!$H16:$H16),2,FALSE)) = TRUE,"",VLOOKUP($E$4,CHOOSE({2,1},'Prime Standard'!$C16:$C16,'Prime Standard'!$H16:$H16),2,FALSE))
C16: =IF(ISERROR(VLOOKUP($C$4,CHOOSE({2,1},'Prime Standard'!$C17:$C17,'Prime Standard'!$H17:$H17),2,FALSE)) = TRUE,"",VLOOKUP($C$4,CHOOSE({2,1},'Prime Standard'!$C17:$C17,'Prime Standard'!$H17:$H17),2,FALSE)) -> AIRBUS SE | D16: =IF(ISERROR(VLOOKUP($D$4,CHOOSE({2,1},'Prime Standard'!$C17:$C17,'Prime Standard'!$H17:$H17),2,FALSE)) = TRUE,"",VLOOKUP($D$4,CHOOSE({2,1},'Prime Standard'!$C17:$C17,'Prime Standard'!$H17:$H17),2,FALSE)) | E16: =IF(ISERROR(VLOOKUP($E$4,CHOOSE({2,1},'Prime Standard'!$C17:$C17,'Prime Standard'!$H17:$H17),2,FALSE)) = TRUE,"",VLOOKUP($E$4,CHOOSE({2,1},'Prime Standard'!$C17:$C17,'Prime Standard'!$H17:$H17),2,FALSE))
C17: =IF(ISERROR(VLOOKUP($C$4,CHOOSE({2,1},'Prime Standard'!$C18:$C18,'Prime Standard'!$H18:$H18),2,FALSE)) = TRUE,"",VLOOKUP($C$4,CHOOSE({2,1},'Prime Standard'!$C18:$C18,'Prime Standard'!$H18:$H18),2,FALSE)) | D17: =IF(ISERROR(VLOOKUP($D$4,CHOOSE({2,1},'Prime Standard'!$C18:$C18,'Prime Standard'!$H18:$H18),2,FALSE)) = TRUE,"",VLOOKUP($D$4,CHOOSE({2,1},'Prime Standard'!$C18:$C18,'Prime Standard'!$H18:$H18),2,FALSE)) -> AIXTRON SE NA O.N. | E17: =IF(ISERROR(VLOOKUP($E$4,CHOOSE({2,1},'Prime Standard'!$C18:$C18,'Prime Standard'!$H18:$H18),2,FALSE)) = TRUE,"",VLOOKUP($E$4,CHOOSE({2,1},'Prime Standard'!$C18:$C18,'Prime Standard'!$H18:$H18),2,FALSE))
C18: =IF(ISERROR(VLOOKUP($C$4,CHOOSE({2,1},'Prime Standard'!$C19:$C19,'Prime Standard'!$H19:$H19),2,FALSE)) = TRUE,"",VLOOKUP($C$4,CHOOSE({2,1},'Prime Standard'!$C19:$C19,'Prime Standard'!$H19:$H19),2,FALSE)) | D18: =IF(ISERROR(VLOOKUP($D$4,CHOOSE({2,1},'Prime Standard'!$C19:$C19,'Prime Standard'!$H19:$H19),2,FALSE)) = TRUE,"",VLOOKUP($D$4,CHOOSE({2,1},'Prime Standard'!$C19:$C19,'Prime Standard'!$H19:$H19),2,FALSE)) | E18: =IF(ISERROR(VLOOKUP($E$4,CHOOSE({2,1},'Prime Standard'!$C19:$C19,'Prime Standard'!$H19:$H19),2,FALSE)) = TRUE,"",VLOOKUP($E$4,CHOOSE({2,1},'Prime Standard'!$C19:$C19,'Prime Standard'!$H19:$H19),2,FALSE))
C19: =IF(ISERROR(VLOOKUP($C$4,CHOOSE({2,1},'Prime Standard'!$C20:$C20,'Prime Standard'!$H20:$H20),2,FALSE)) = TRUE,"",VLOOKUP($C$4,CHOOSE({2,1},'Prime Standard'!$C20:$C20,'Prime Standard'!$H20:$H20),2,FALSE)) | D19: =IF(ISERROR(VLOOKUP($D$4,CHOOSE({2,1},'Prime Standard'!$C20:$C20,'Prime Standard'!$H20:$H20),2,FALSE)) = TRUE,"",VLOOKUP($D$4,CHOOSE({2,1},'Prime Standard'!$C20:$C20,'Prime Standard'!$H20:$H20),2,FALSE)) | E19: =IF(ISERROR(VLOOKUP($E$4,CHOOSE({2,1},'Prime Standard'!$C20:$C20,'Prime Standard'!$H20:$H20),2,FALSE)) = TRUE,"",VLOOKUP($E$4,CHOOSE({2,1},'Prime Standard'!$C20:$C20,'Prime Standard'!$H20:$H20),2,FALSE))
C20: =IF(ISERROR(VLOOKUP($C$4,CHOOSE({2,1},'Prime Standard'!$C21:$C21,'Prime Standard'!$H21:$H21),2,FALSE)) = TRUE,"",VLOOKUP($C$4,CHOOSE({2,1},'Prime Standard'!$C21:$C21,'Prime Standard'!$H21:$H21),2,FALSE)) -> ALLIANZ SE NA O.N. | D20: =IF(ISERROR(VLOOKUP($D$4,CHOOSE({2,1},'Prime Standard'!$C21:$C21,'Prime Standard'!$H21:$H21),2,FALSE)) = TRUE,"",VLOOKUP($D$4,CHOOSE({2,1},'Prime Standard'!$C21:$C21,'Prime Standard'!$H21:$H21),2,FALSE)) | E20: =IF(ISERROR(VLOOKUP($E$4,CHOOSE({2,1},'Prime Standard'!$C21:$C21,'Prime Standard'!$H21:$H21),2,FALSE)) = TRUE,"",VLOOKUP($E$4,CHOOSE({2,1},'Prime Standard'!$C21:$C21,'Prime Standard'!$H21:$H21),2,FALSE))
C21: =IF(ISERROR(VLOOKUP($C$4,CHOOSE({2,1},'Prime Standard'!#REF!,'Prime Standard'!#REF!),2,FALSE)) = TRUE,"",VLOOKUP($C$4,CHOOSE({2,1},'Prime Standard'!#REF!,'Prime Standard'!#REF!),2,FALSE)) | D21: =IF(ISERROR(VLOOKUP($D$4,CHOOSE({2,1},'Prime Standard'!#REF!,'Prime Standard'!#REF!),2,FALSE)) = TRUE,"",VLOOKUP($D$4,CHOOSE({2,1},'Prime Standard'!#REF!,'Prime Standard'!#REF!),2,FALSE)) | E21: =IF(ISERROR(VLOOKUP($E$4,CHOOSE({2,1},'Prime Standard'!#REF!,'Prime Standard'!#REF!),2,FALSE)) = TRUE,"",VLOOKUP($E$4,CHOOSE({2,1},'Prime Standard'!#REF!,'Prime Standard'!#REF!),2,FALSE))
C22: =IF(ISERROR(VLOOKUP($C$4,CHOOSE({2,1},'Prime Standard'!$C22:$C22,'Prime Standard'!$H22:$H22),2,FALSE)) = TRUE,"",VLOOKUP($C$4,CHOOSE({2,1},'Prime Standard'!$C22:$C22,'Prime Standard'!$H22:$H22),2,FALSE)) | D22: =IF(ISERROR(VLOOKUP($D$4,CHOOSE({2,1},'Prime Standard'!$C22:$C22,'Prime Standard'!$H22:$H22),2,FALSE)) = TRUE,"",VLOOKUP($D$4,CHOOSE({2,1},'Prime Standard'!$C22:$C22,'Prime Standard'!$H22:$H22),2,FALSE)) | E22: =IF(ISERROR(VLOOKUP($E$4,CHOOSE({2,1},'Prime Standard'!$C22:$C22,'Prime Standard'!$H22:$H22),2,FALSE)) = TRUE,"",VLOOKUP($E$4,CHOOSE({2,1},'Prime Standard'!$C22:$C22,'Prime Standard'!$H22:$H22),2,FALSE)) -> ALZCHEM GROUP AG INH O.N.
C23: =IF(ISERROR(VLOOKUP($C$4,CHOOSE({2,1},'Prime Standard'!$C23:$C23,'Prime Standard'!$H23:$H23),2,FALSE)) = TRUE,"",VLOOKUP($C$4,CHOOSE({2,1},'Prime Standard'!$C23:$C23,'Prime Standard'!$H23:$H23),2,FALSE)) | D23: =IF(ISERROR(VLOOKUP($D$4,CHOOSE({2,1},'Prime Standard'!$C23:$C23,'Prime Standard'!$H23:$H23),2,FALSE)) = TRUE,"",VLOOKUP($D$4,CHOOSE({2,1},'Prime Standard'!$C23:$C23,'Prime Standard'!$H23:$H23),2,FALSE)) | E23: =IF(ISERROR(VLOOKUP($E$4,CHOOSE({2,1},'Prime Standard'!$C23:$C23,'Prime Standard'!$H23:$H23),2,FALSE)) = TRUE,"",VLOOKUP($E$4,CHOOSE({2,1},'Prime Standard'!$C23:$C23,'Prime Standard'!$H23:$H23),2,FALSE))
C24: =IF(ISERROR(VLOOKUP($C$4,CHOOSE({2,1},'Prime Standard'!$C25:$C25,'Prime Standard'!$H25:$H25),2,FALSE)) = TRUE,"",VLOOKUP($C$4,CHOOSE({2,1},'Prime Standard'!$C25:$C25,'Prime Standard'!$H25:$H25),2,FALSE)) | D24: =IF(ISERROR(VLOOKUP($D$4,CHOOSE({2,1},'Prime Standard'!$C25:$C25,'Prime Standard'!$H25:$H25),2,FALSE)) = TRUE,"",VLOOKUP($D$4,CHOOSE({2,1},'Prime Standard'!$C25:$C25,'Prime Standard'!$H25:$H25),2,FALSE)) -> AROUNDTOWN EO-,01 | E24: =IF(ISERROR(VLOOKUP($E$4,CHOOSE({2,1},'Prime Standard'!$C25:$C25,'Prime Standard'!$H25:$H25),2,FALSE)) = TRUE,"",VLOOKUP($E$4,CHOOSE({2,1},'Prime Standard'!$C25:$C25,'Prime Standard'!$H25:$H25),2,FALSE))
C25: =IF(ISERROR(VLOOKUP($C$4,CHOOSE({2,1},'Prime Standard'!#REF!,'Prime Standard'!#REF!),2,FALSE)) = TRUE,"",VLOOKUP($C$4,CHOOSE({2,1},'Prime Standard'!#REF!,'Prime Standard'!#REF!),2,FALSE)) | D25: =IF(ISERROR(VLOOKUP($D$4,CHOOSE({2,1},'Prime Standard'!#REF!,'Prime Standard'!#REF!),2,FALSE)) = TRUE,"",VLOOKUP($D$4,CHOOSE({2,1},'Prime Standard'!#REF!,'Prime Standard'!#REF!),2,FALSE)) | E25: =IF(ISERROR(VLOOKUP($E$4,CHOOSE({2,1},'Prime Standard'!#REF!,'Prime Standard'!#REF!),2,FALSE)) = TRUE,"",VLOOKUP($E$4,CHOOSE({2,1},'Prime Standard'!#REF!,'Prime Standard'!#REF!),2,FALSE))
C26: =IF(ISERROR(VLOOKUP($C$4,CHOOSE({2,1},'Prime Standard'!$C26:$C26,'Prime Standard'!$H26:$H26),2,FALSE)) = TRUE,"",VLOOKUP($C$4,CHOOSE({2,1},'Prime Standard'!$C26:$C26,'Prime Standard'!$H26:$H26),2,FALSE)) | D26: =IF(ISERROR(VLOOKUP($D$4,CHOOSE({2,1},'Prime Standard'!$C26:$C26,'Prime Standard'!$H26:$H26),2,FALSE)) = TRUE,"",VLOOKUP($D$4,CHOOSE({2,1},'Prime Standard'!$C26:$C26,'Prime Standard'!$H26:$H26),2,FALSE)) | E26: =IF(ISERROR(VLOOKUP($E$4,CHOOSE({2,1},'Prime Standard'!$C26:$C26,'Prime Standard'!$H26:$H26),2,FALSE)) = TRUE,"",VLOOKUP($E$4,CHOOSE({2,1},'Prime Standard'!$C26:$C26,'Prime Standard'!$H26:$H26),2,FALSE))
C27: =IF(ISERROR(VLOOKUP($C$4,CHOOSE({2,1},'Prime Standard'!$C28:$C28,'Prime Standard'!$H28:$H28),2,FALSE)) = TRUE,"",VLOOKUP($C$4,CHOOSE({2,1},'Prime Standard'!$C28:$C28,'Prime Standard'!$H28:$H28),2,FALSE)) | D27: =IF(ISERROR(VLOOKUP($D$4,CHOOSE({2,1},'Prime Standard'!$C28:$C28,'Prime Standard'!$H28:$H28),2,FALSE)) = TRUE,"",VLOOKUP($D$4,CHOOSE({2,1},'Prime Standard'!$C28:$C28,'Prime Standard'!$H28:$H28),2,FALSE)) | E27: =IF(ISERROR(VLOOKUP($E$4,CHOOSE({2,1},'Prime Standard'!$C28:$C28,'Prime Standard'!$H28:$H28),2,FALSE)) = TRUE,"",VLOOKUP($E$4,CHOOSE({2,1},'Prime Standard'!$C28:$C28,'Prime Standard'!$H28:$H28),2,FALSE)) -> ATOSS SOFTWARE SE
C28: =IF(ISERROR(VLOOKUP($C$4,CHOOSE({2,1},'Prime Standard'!$C29:$C29,'Prime Standard'!$H29:$H29),2,FALSE)) = TRUE,"",VLOOKUP($C$4,CHOOSE({2,1},'Prime Standard'!$C29:$C29,'Prime Standard'!$H29:$H29),2,FALSE)) | D28: =IF(ISERROR(VLOOKUP($D$4,CHOOSE({2,1},'Prime Standard'!$C29:$C29,'Prime Standard'!$H29:$H29),2,FALSE)) = TRUE,"",VLOOKUP($D$4,CHOOSE({2,1},'Prime Standard'!$C29:$C29,'Prime Standard'!$H29:$H29),2,FALSE)) | E28: =IF(ISERROR(VLOOKUP($E$4,CHOOSE({2,1},'Prime Standard'!$C29:$C29,'Prime Standard'!$H29:$H29),2,FALSE)) = TRUE,"",VLOOKUP($E$4,CHOOSE({2,1},'Prime Standard'!$C29:$C29,'Prime Standard'!$H29:$H29),2,FALSE))
C29: =IF(ISERROR(VLOOKUP($C$4,CHOOSE({2,1},'Prime Standard'!$C30:$C30,'Prime Standard'!$H30:$H30),2,FALSE)) = TRUE,"",VLOOKUP($C$4,CHOOSE({2,1},'Prime Standard'!$C30:$C30,'Prime Standard'!$H30:$H30),2,FALSE)) | D29: =IF(ISERROR(VLOOKUP($D$4,CHOOSE({2,1},'Prime Standard'!$C30:$C30,'Prime Standard'!$H30:$H30),2,FALSE)) = TRUE,"",VLOOKUP($D$4,CHOOSE({2,1},'Prime Standard'!$C30:$C30,'Prime Standard'!$H30:$H30),2,FALSE)) -> AUMOVIO SE | E29: =IF(ISERROR(VLOOKUP($E$4,CHOOSE({2,1},'Prime Standard'!$C30:$C30,'Prime Standard'!$H30:$H30),2,FALSE)) = TRUE,"",VLOOKUP($E$4,CHOOSE({2,1},'Prime Standard'!$C30:$C30,'Prime Standard'!$H30:$H30),2,FALSE))
C30: =IF(ISERROR(VLOOKUP($C$4,CHOOSE({2,1},'Prime Standard'!$C32:$C32,'Prime Standard'!$H32:$H32),2,FALSE)) = TRUE,"",VLOOKUP($C$4,CHOOSE({2,1},'Prime Standard'!$C32:$C32,'Prime Standard'!$H32:$H32),2,FALSE)) | D30: =IF(ISERROR(VLOOKUP($D$4,CHOOSE({2,1},'Prime Standard'!$C32:$C32,'Prime Standard'!$H32:$H32),2,FALSE)) = TRUE,"",VLOOKUP($D$4,CHOOSE({2,1},'Prime Standard'!$C32:$C32,'Prime Standard'!$H32:$H32),2,FALSE)) -> AUTO1 GROUP SE | E30: =IF(ISERROR(VLOOKUP($E$4,CHOOSE({2,1},'Prime Standard'!$C32:$C32,'Prime Standard'!$H32:$H32),2,FALSE)) = TRUE,"",VLOOKUP($E$4,CHOOSE({2,1},'Prime Standard'!$C32:$C32,'Prime Standard'!$H32:$H32),2,FALSE))
C31: =IF(ISERROR(VLOOKUP($C$4,CHOOSE({2,1},'Prime Standard'!$C33:$C33,'Prime Standard'!$H33:$H33),2,FALSE)) = TRUE,"",VLOOKUP($C$4,CHOOSE({2,1},'Prime Standard'!$C33:$C33,'Prime Standard'!$H33:$H33),2,FALSE)) -> BASF SE NA O.N. | D31: =IF(ISERROR(VLOOKUP($D$4,CHOOSE({2,1},'Prime Standard'!$C33:$C33,'Prime Standard'!$H33:$H33),2,FALSE)) = TRUE,"",VLOOKUP($D$4,CHOOSE({2,1},'Prime Standard'!$C33:$C33,'Prime Standard'!$H33:$H33),2,FALSE)) | E31: =IF(ISERROR(VLOOKUP($E$4,CHOOSE({2,1},'Prime Standard'!$C33:$C33,'Prime Standard'!$H33:$H33),2,FALSE)) = TRUE,"",VLOOKUP($E$4,CHOOSE({2,1},'Prime Standard'!$C33:$C33,'Prime Standard'!$H33:$H33),2,FALSE))
C32: =IF(ISERROR(VLOOKUP($C$4,CHOOSE({2,1},'Prime Standard'!$C34:$C34,'Prime Standard'!$H34:$H34),2,FALSE)) = TRUE,"",VLOOKUP($C$4,CHOOSE({2,1},'Prime Standard'!$C34:$C34,'Prime Standard'!$H34:$H34),2,FALSE)) | D32: =IF(ISERROR(VLOOKUP($D$4,CHOOSE({2,1},'Prime Standard'!$C34:$C34,'Prime Standard'!$H34:$H34),2,FALSE)) = TRUE,"",VLOOKUP($D$4,CHOOSE({2,1},'Prime Standard'!$C34:$C34,'Prime Standard'!$H34:$H34),2,FALSE)) | E32: =IF(ISERROR(VLOOKUP($E$4,CHOOSE({2,1},'Prime Standard'!$C34:$C34,'Prime Standard'!$H34:$H34),2,FALSE)) = TRUE,"",VLOOKUP($E$4,CHOOSE({2,1},'Prime Standard'!$C34:$C34,'Prime Standard'!$H34:$H34),2,FALSE)) -> BASLER AG O.N.
C33: =IF(ISERROR(VLOOKUP($C$4,CHOOSE({2,1},'Prime Standard'!$C35:$C35,'Prime Standard'!$H35:$H35),2,FALSE)) = TRUE,"",VLOOKUP($C$4,CHOOSE({2,1},'Prime Standard'!$C35:$C35,'Prime Standard'!$H35:$H35),2,FALSE)) | D33: =IF(ISERROR(VLOOKUP($D$4,CHOOSE({2,1},'Prime Standard'!$C35:$C35,'Prime Standard'!$H35:$H35),2,FALSE)) = TRUE,"",VLOOKUP($D$4,CHOOSE({2,1},'Prime Standard'!$C35:$C35,'Prime Standard'!$H35:$H35),2,FALSE)) | E33: =IF(ISERROR(VLOOKUP($E$4,CHOOSE({2,1},'Prime Standard'!$C35:$C35,'Prime Standard'!$H35:$H35),2,FALSE)) = TRUE,"",VLOOKUP($E$4,CHOOSE({2,1},'Prime Standard'!$C35:$C35,'Prime Standard'!$H35:$H35),2,FALSE))
C34: =IF(ISERROR(VLOOKUP($C$4,CHOOSE({2,1},'Prime Standard'!#REF!,'Prime Standard'!#REF!),2,FALSE)) = TRUE,"",VLOOKUP($C$4,CHOOSE({2,1},'Prime Standard'!#REF!,'Prime Standard'!#REF!),2,FALSE)) | D34: =IF(ISERROR(VLOOKUP($D$4,CHOOSE({2,1},'Prime Standard'!#REF!,'Prime Standard'!#REF!),2,FALSE)) = TRUE,"",VLOOKUP($D$4,CHOOSE({2,1},'Prime Standard'!#REF!,'Prime Standard'!#REF!),2,FALSE)) | E34: =IF(ISERROR(VLOOKUP($E$4,CHOOSE({2,1},'Prime Standard'!#REF!,'Prime Standard'!#REF!),2,FALSE)) = TRUE,"",VLOOKUP($E$4,CHOOSE({2,1},'Prime Standard'!#REF!,'Prime Standard'!#REF!),2,FALSE))
C35: =IF(ISERROR(VLOOKUP($C$4,CHOOSE({2,1},'Prime Standard'!$C36:$C36,'Prime Standard'!$H36:$H36),2,FALSE)) = TRUE,"",VLOOKUP($C$4,CHOOSE({2,1},'Prime Standard'!$C36:$C36,'Prime Standard'!$H36:$H36),2,FALSE)) -> BAY.MOTOREN WERKE AG ST | D35: =IF(ISERROR(VLOOKUP($D$4,CHOOSE({2,1},'Prime Standard'!$C36:$C36,'Prime Standard'!$H36:$H36),2,FALSE)) = TRUE,"",VLOOKUP($D$4,CHOOSE({2,1},'Prime Standard'!$C36:$C36,'Prime Standard'!$H36:$H36),2,FALSE)) | E35: =IF(ISERROR(VLOOKUP($E$4,CHOOSE({2,1},'Prime Standard'!$C36:$C36,'Prime Standard'!$H36:$H36),2,FALSE)) = TRUE,"",VLOOKUP($E$4,CHOOSE({2,1},'Prime Standard'!$C36:$C36,'Prime Standard'!$H36:$H36),2,FALSE))
C36: =IF(ISERROR(VLOOKUP($C$4,CHOOSE({2,1},'Prime Standard'!$C37:$C37,'Prime Standard'!$H37:$H37),2,FALSE)) = TRUE,"",VLOOKUP($C$4,CHOOSE({2,1},'Prime Standard'!$C37:$C37,'Prime Standard'!$H37:$H37),2,FALSE)) -> BAYER AG NA O.N. | D36: =IF(ISERROR(VLOOKUP($D$4,CHOOSE({2,1},'Prime Standard'!$C37:$C37,'Prime Standard'!$H37:$H37),2,FALSE)) = TRUE,"",VLOOKUP($D$4,CHOOSE({2,1},'Prime Standard'!$C37:$C37,'Prime Standard'!$H37:$H37),2,FALSE)) | E36: =IF(ISERROR(VLOOKUP($E$4,CHOOSE({2,1},'Prime Standard'!$C37:$C37,'Prime Standard'!$H37:$H37),2,FALSE)) = TRUE,"",VLOOKUP($E$4,CHOOSE({2,1},'Prime Standard'!$C37:$C37,'Prime Standard'!$H37:$H37),2,FALSE))
C37: =IF(ISERROR(VLOOKUP($C$4,CHOOSE({2,1},'Prime Standard'!$C38:$C38,'Prime Standard'!$H38:$H38),2,FALSE)) = TRUE,"",VLOOKUP($C$4,CHOOSE({2,1},'Prime Standard'!$C38:$C38,'Prime Standard'!$H38:$H38),2,FALSE)) | D37: =IF(ISERROR(VLOOKUP($D$4,CHOOSE({2,1},'Prime Standard'!$C38:$C38,'Prime Standard'!$H38:$H38),2,FALSE)) = TRUE,"",VLOOKUP($D$4,CHOOSE({2,1},'Prime Standard'!$C38:$C38,'Prime Standard'!$H38:$H38),2,FALSE)) | E37: =IF(ISERROR(VLOOKUP($E$4,CHOOSE({2,1},'Prime Standard'!$C38:$C38,'Prime Standard'!$H38:$H38),2,FALSE)) = TRUE,"",VLOOKUP($E$4,CHOOSE({2,1},'Prime Standard'!$C38:$C38,'Prime Standard'!$H38:$H38),2,FALSE))
C38: =IF(ISERROR(VLOOKUP($C$4,CHOOSE({2,1},'Prime Standard'!$C39:$C39,'Prime Standard'!$H39:$H39),2,FALSE)) = TRUE,"",VLOOKUP($C$4,CHOOSE({2,1},'Prime Standard'!$C39:$C39,'Prime Standard'!$H39:$H39),2,FALSE)) | D38: =IF(ISERROR(VLOOKUP($D$4,CHOOSE({2,1},'Prime Standard'!$C39:$C39,'Prime Standard'!$H39:$H39),2,FALSE)) = TRUE,"",VLOOKUP($D$4,CHOOSE({2,1},'Prime Standard'!$C39:$C39,'Prime Standard'!$H39:$H39),2,FALSE)) | E38: =IF(ISERROR(VLOOKUP($E$4,CHOOSE({2,1},'Prime Standard'!$C39:$C39,'Prime Standard'!$H39:$H39),2,FALSE)) = TRUE,"",VLOOKUP($E$4,CHOOSE({2,1},'Prime Standard'!$C39:$C39,'Prime Standard'!$H39:$H39),2,FALSE))
C39: =IF(ISERROR(VLOOKUP($C$4,CHOOSE({2,1},'Prime Standard'!$C40:$C40,'Prime Standard'!$H40:$H40),2,FALSE)) = TRUE,"",VLOOKUP($C$4,CHOOSE({2,1},'Prime Standard'!$C40:$C40,'Prime Standard'!$H40:$H40),2,FALSE)) | D39: =IF(ISERROR(VLOOKUP($D$4,CHOOSE({2,1},'Prime Standard'!$C40:$C40,'Prime Standard'!$H40:$H40),2,FALSE)) = TRUE,"",VLOOKUP($D$4,CHOOSE({2,1},'Prime Standard'!$C40:$C40,'Prime Standard'!$H40:$H40),2,FALSE)) | E39: =IF(ISERROR(VLOOKUP($E$4,CHOOSE({2,1},'Prime Standard'!$C40:$C40,'Prime Standard'!$H40:$H40),2,FALSE)) = TRUE,"",VLOOKUP($E$4,CHOOSE({2,1},'Prime Standard'!$C40:$C40,'Prime Standard'!$H40:$H40),2,FALSE))
C40: =IF(ISERROR(VLOOKUP($C$4,CHOOSE({2,1},'Prime Standard'!$C41:$C41,'Prime Standard'!$H41:$H41),2,FALSE)) = TRUE,"",VLOOKUP($C$4,CHOOSE({2,1},'Prime Standard'!$C41:$C41,'Prime Standard'!$H41:$H41),2,FALSE)) | D40: =IF(ISERROR(VLOOKUP($D$4,CHOOSE({2,1},'Prime Standard'!$C41:$C41,'Prime Standard'!$H41:$H41),2,FALSE)) = TRUE,"",VLOOKUP($D$4,CHOOSE({2,1},'Prime Standard'!$C41:$C41,'Prime Standard'!$H41:$H41),2,FALSE)) -> BECHTLE AG O.N. | E40: =IF(ISERROR(VLOOKUP($E$4,CHOOSE({2,1},'Prime Standard'!$C41:$C41,'Prime Standard'!$H41:$H41),2,FALSE)) = TRUE,"",VLOOKUP($E$4,CHOOSE({2,1},'Prime Standard'!$C41:$C41,'Prime Standard'!$H41:$H41),2,FALSE))
C41: =IF(ISERROR(VLOOKUP($C$4,CHOOSE({2,1},'Prime Standard'!$C42:$C42,'Prime Standard'!$H42:$H42),2,FALSE)) = TRUE,"",VLOOKUP($C$4,CHOOSE({2,1},'Prime Standard'!$C42:$C42,'Prime Standard'!$H42:$H42),2,FALSE)) | D41: =IF(ISERROR(VLOOKUP($D$4,CHOOSE({2,1},'Prime Standard'!$C42:$C42,'Prime Standard'!$H42:$H42),2,FALSE)) = TRUE,"",VLOOKUP($D$4,CHOOSE({2,1},'Prime Standard'!$C42:$C42,'Prime Standard'!$H42:$H42),2,FALSE)) | E41: =IF(ISERROR(VLOOKUP($E$4,CHOOSE({2,1},'Prime Standard'!$C42:$C42,'Prime Standard'!$H42:$H42),2,FALSE)) = TRUE,"",VLOOKUP($E$4,CHOOSE({2,1},'Prime Standard'!$C42:$C42,'Prime Standard'!$H42:$H42),2,FALSE)) -> BEFESA S.A. ORD. O.N.
C42: =IF(ISERROR(VLOOKUP($C$4,CHOOSE({2,1},'Prime Standard'!$C43:$C43,'Prime Standard'!$H43:$H43),2,FALSE)) = TRUE,"",VLOOKUP($C$4,CHOOSE({2,1},'Prime Standard'!$C43:$C43,'Prime Standard'!$H43:$H43),2,FALSE)) -> BEIERSDORF AG O.N. | D42: =IF(ISERROR(VLOOKUP($D$4,CHOOSE({2,1},'Prime Standard'!$C43:$C43,'Prime Standard'!$H43:$H43),2,FALSE)) = TRUE,"",VLOOKUP($D$4,CHOOSE({2,1},'Prime Standard'!$C43:$C43,'Prime Standard'!$H43:$H43),2,FALSE)) | E42: =IF(ISERROR(VLOOKUP($E$4,CHOOSE({2,1},'Prime Standard'!$C43:$C43,'Prime Standard'!$H43:$H43),2,FALSE)) = TRUE,"",VLOOKUP($E$4,CHOOSE({2,1},'Prime Standard'!$C43:$C43,'Prime Standard'!$H43:$H43),2,FALSE))
C43: =IF(ISERROR(VLOOKUP($C$4,CHOOSE({2,1},'Prime Standard'!$C44:$C44,'Prime Standard'!$H44:$H44),2,FALSE)) = TRUE,"",VLOOKUP($C$4,CHOOSE({2,1},'Prime Standard'!$C44:$C44,'Prime Standard'!$H44:$H44),2,FALSE)) | D43: =IF(ISERROR(VLOOKUP($D$4,CHOOSE({2,1},'Prime Standard'!$C44:$C44,'Prime Standard'!$H44:$H44),2,FALSE)) = TRUE,"",VLOOKUP($D$4,CHOOSE({2,1},'Prime Standard'!$C44:$C44,'Prime Standard'!$H44:$H44),2,FALSE)) | E43: =IF(ISERROR(VLOOKUP($E$4,CHOOSE({2,1},'Prime Standard'!$C44:$C44,'Prime Standard'!$H44:$H44),2,FALSE)) = TRUE,"",VLOOKUP($E$4,CHOOSE({2,1},'Prime Standard'!$C44:$C44,'Prime Standard'!$H44:$H44),2,FALSE))
C44: =IF(ISERROR(VLOOKUP($C$4,CHOOSE({2,1},'Prime Standard'!$C45:$C45,'Prime Standard'!$H45:$H45),2,FALSE)) = TRUE,"",VLOOKUP($C$4,CHOOSE({2,1},'Prime Standard'!$C45:$C45,'Prime Standard'!$H45:$H45),2,FALSE)) | D44: =IF(ISERROR(VLOOKUP($D$4,CHOOSE({2,1},'Prime Standard'!$C45:$C45,'Prime Standard'!$H45:$H45),2,FALSE)) = TRUE,"",VLOOKUP($D$4,CHOOSE({2,1},'Prime Standard'!$C45:$C45,'Prime Standard'!$H45:$H45),2,FALSE)) | E44: =IF(ISERROR(VLOOKUP($E$4,CHOOSE({2,1},'Prime Standard'!$C45:$C45,'Prime Standard'!$H45:$H45),2,FALSE)) = TRUE,"",VLOOKUP($E$4,CHOOSE({2,1},'Prime Standard'!$C45:$C45,'Prime Standard'!$H45:$H45),2,FALSE))
C45: =IF(ISERROR(VLOOKUP($C$4,CHOOSE({2,1},'Prime Standard'!$C46:$C46,'Prime Standard'!$H46:$H46),2,FALSE)) = TRUE,"",VLOOKUP($C$4,CHOOSE({2,1},'Prime Standard'!$C46:$C46,'Prime Standard'!$H46:$H46),2,FALSE)) | D45: =IF(ISERROR(VLOOKUP($D$4,CHOOSE({2,1},'Prime Standard'!$C46:$C46,'Prime Standard'!$H46:$H46),2,FALSE)) = TRUE,"",VLOOKUP($D$4,CHOOSE({2,1},'Prime Standard'!$C46:$C46,'Prime Standard'!$H46:$H46),2,FALSE)) | E45: =IF(ISERROR(VLOOKUP($E$4,CHOOSE({2,1},'Prime Standard'!$C46:$C46,'Prime Standard'!$H46:$H46),2,FALSE)) = TRUE,"",VLOOKUP($E$4,CHOOSE({2,1},'Prime Standard'!$C46:$C46,'Prime Standard'!$H46:$H46),2,FALSE))
C46: =IF(ISERROR(VLOOKUP($C$4,CHOOSE({2,1},'Prime Standard'!$C47:$C47,'Prime Standard'!$H47:$H47),2,FALSE)) = TRUE,"",VLOOKUP($C$4,CHOOSE({2,1},'Prime Standard'!$C47:$C47,'Prime Standard'!$H47:$H47),2,FALSE)) | D46: =IF(ISERROR(VLOOKUP($D$4,CHOOSE({2,1},'Prime Standard'!$C47:$C47,'Prime Standard'!$H47:$H47),2,FALSE)) = TRUE,"",VLOOKUP($D$4,CHOOSE({2,1},'Prime Standard'!$C47:$C47,'Prime Standard'!$H47:$H47),2,FALSE)) -> BILFINGER SE O.N. | E46: =IF(ISERROR(VLOOKUP($E$4,CHOOSE({2,1},'Prime Standard'!$C47:$C47,'Prime Standard'!$H47:$H47),2,FALSE)) = TRUE,"",VLOOKUP($E$4,CHOOSE({2,1},'Prime Standard'!$C47:$C47,'Prime Standard'!$H47:$H47),2,FALSE))
C47: =IF(ISERROR(VLOOKUP($C$4,CHOOSE({2,1},'Prime Standard'!$C48:$C48,'Prime Standard'!$H48:$H48),2,FALSE)) = TRUE,"",VLOOKUP($C$4,CHOOSE({2,1},'Prime Standard'!$C48:$C48,'Prime Standard'!$H48:$H48),2,FALSE)) | D47: =IF(ISERROR(VLOOKUP($D$4,CHOOSE({2,1},'Prime Standard'!$C48:$C48,'Prime Standard'!$H48:$H48),2,FALSE)) = TRUE,"",VLOOKUP($D$4,CHOOSE({2,1},'Prime Standard'!$C48:$C48,'Prime Standard'!$H48:$H48),2,FALSE)) | E47: =IF(ISERROR(VLOOKUP($E$4,CHOOSE({2,1},'Prime Standard'!$C48:$C48,'Prime Standard'!$H48:$H48),2,FALSE)) = TRUE,"",VLOOKUP($E$4,CHOOSE({2,1},'Prime Standard'!$C48:$C48,'Prime Standard'!$H48:$H48),2,FALSE))
C48: =IF(ISERROR(VLOOKUP($C$4,CHOOSE({2,1},'Prime Standard'!#REF!,'Prime Standard'!#REF!),2,FALSE)) = TRUE,"",VLOOKUP($C$4,CHOOSE({2,1},'Prime Standard'!#REF!,'Prime Standard'!#REF!),2,FALSE)) | D48: =IF(ISERROR(VLOOKUP($D$4,CHOOSE({2,1},'Prime Standard'!#REF!,'Prime Standard'!#REF!),2,FALSE)) = TRUE,"",VLOOKUP($D$4,CHOOSE({2,1},'Prime Standard'!#REF!,'Prime Standard'!#REF!),2,FALSE)) | E48: =IF(ISERROR(VLOOKUP($E$4,CHOOSE({2,1},'Prime Standard'!#REF!,'Prime Standard'!#REF!),2,FALSE)) = TRUE,"",VLOOKUP($E$4,CHOOSE({2,1},'Prime Standard'!#REF!,'Prime Standard'!#REF!),2,FALSE))
C49: =IF(ISERROR(VLOOKUP($C$4,CHOOSE({2,1},'Prime Standard'!#REF!,'Prime Standard'!#REF!),2,FALSE)) = TRUE,"",VLOOKUP($C$4,CHOOSE({2,1},'Prime Standard'!#REF!,'Prime Standard'!#REF!),2,FALSE)) | D49: =IF(ISERROR(VLOOKUP($D$4,CHOOSE({2,1},'Prime Standard'!#REF!,'Prime Standard'!#REF!),2,FALSE)) = TRUE,"",VLOOKUP($D$4,CHOOSE({2,1},'Prime Standard'!#REF!,'Prime Standard'!#REF!),2,FALSE)) | E49: =IF(ISERROR(VLOOKUP($E$4,CHOOSE({2,1},'Prime Standard'!#REF!,'Prime Standard'!#REF!),2,FALSE)) = TRUE,"",VLOOKUP($E$4,CHOOSE({2,1},'Prime Standard'!#REF!,'Prime Standard'!#REF!),2,FALSE))
C50: =IF(ISERROR(VLOOKUP($C$4,CHOOSE({2,1},'Prime Standard'!$C49:$C49,'Prime Standard'!$H49:$H49),2,FALSE)) = TRUE,"",VLOOKUP($C$4,CHOOSE({2,1},'Prime Standard'!$C49:$C49,'Prime Standard'!$H49:$H49),2,FALSE)) | D50: =IF(ISERROR(VLOOKUP($D$4,CHOOSE({2,1},'Prime Standard'!$C49:$C49,'Prime Standard'!$H49:$H49),2,FALSE)) = TRUE,"",VLOOKUP($D$4,CHOOSE({2,1},'Prime Standard'!$C49:$C49,'Prime Standard'!$H49:$H49),2,FALSE)) | E50: =IF(ISERROR(VLOOKUP($E$4,CHOOSE({2,1},'Prime Standard'!$C49:$C49,'Prime Standard'!$H49:$H49),2,FALSE)) = TRUE,"",VLOOKUP($E$4,CHOOSE({2,1},'Prime Standard'!$C49:$C49,'Prime Standard'!$H49:$H49),2,FALSE))
C51: =IF(ISERROR(VLOOKUP($C$4,CHOOSE({2,1},'Prime Standard'!$C50:$C50,'Prime Standard'!$H50:$H50),2,FALSE)) = TRUE,"",VLOOKUP($C$4,CHOOSE({2,1},'Prime Standard'!$C50:$C50,'Prime Standard'!$H50:$H50),2,FALSE)) | D51: =IF(ISERROR(VLOOKUP($D$4,CHOOSE({2,1},'Prime Standard'!$C50:$C50,'Prime Standard'!$H50:$H50),2,FALSE)) = TRUE,"",VLOOKUP($D$4,CHOOSE({2,1},'Prime Standard'!$C50:$C50,'Prime Standard'!$H50:$H50),2,FALSE)) | E51: =IF(ISERROR(VLOOKUP($E$4,CHOOSE({2,1},'Prime Standard'!$C50:$C50,'Prime Standard'!$H50:$H50),2,FALSE)) = TRUE,"",VLOOKUP($E$4,CHOOSE({2,1},'Prime Standard'!$C50:$C50,'Prime Standard'!$H50:$H50),2,FALSE))
C52: =IF(ISERROR(VLOOKUP($C$4,CHOOSE({2,1},'Prime Standard'!$C51:$C51,'Prime Standard'!$H51:$H51),2,FALSE)) = TRUE,"",VLOOKUP($C$4,CHOOSE({2,1},'Prime Standard'!$C51:$C51,'Prime Standard'!$H51:$H51),2,FALSE)) | D52: =IF(ISERROR(VLOOKUP($D$4,CHOOSE({2,1},'Prime Standard'!$C51:$C51,'Prime Standard'!$H51:$H51),2,FALSE)) = TRUE,"",VLOOKUP($D$4,CHOOSE({2,1},'Prime Standard'!$C51:$C51,'Prime Standard'!$H51:$H51),2,FALSE)) | E52: =IF(ISERROR(VLOOKUP($E$4,CHOOSE({2,1},'Prime Standard'!$C51:$C51,'Prime Standard'!$H51:$H51),2,FALSE)) = TRUE,"",VLOOKUP($E$4,CHOOSE({2,1},'Prime Standard'!$C51:$C51,'Prime Standard'!$H51:$H51),2,FALSE))
C53: =IF(ISERROR(VLOOKUP($C$4,CHOOSE({2,1},'Prime Standard'!$C52:$C52,'Prime Standard'!$H52:$H52),2,FALSE)) = TRUE,"",VLOOKUP($C$4,CHOOSE({2,1},'Prime Standard'!$C52:$C52,'Prime Standard'!$H52:$H52),2,FALSE)) -> BRENNTAG SE | D53: =IF(ISERROR(VLOOKUP($D$4,CHOOSE({2,1},'Prime Standard'!$C52:$C52,'Prime Standard'!$H52:$H52),2,FALSE)) = TRUE,"",VLOOKUP($D$4,CHOOSE({2,1},'Prime Standard'!$C52:$C52,'Prime Standard'!$H52:$H52),2,FALSE)) | E53: =IF(ISERROR(VLOOKUP($E$4,CHOOSE({2,1},'Prime Standard'!$C52:$C52,'Prime Standard'!$H52:$H52),2,FALSE)) = TRUE,"",VLOOKUP($E$4,CHOOSE({2,1},'Prime Standard'!$C52:$C52,'Prime Standard'!$H52:$H52),2,FALSE))
C54: =IF(ISERROR(VLOOKUP($C$4,CHOOSE({2,1},'Prime Standard'!$C53:$C53,'Prime Standard'!$H53:$H53),2,FALSE)) = TRUE,"",VLOOKUP($C$4,CHOOSE({2,1},'Prime Standard'!$C53:$C53,'Prime Standard'!$H53:$H53),2,FALSE)) | D54: =IF(ISERROR(VLOOKUP($D$4,CHOOSE({2,1},'Prime Standard'!$C53:$C53,'Prime Standard'!$H53:$H53),2,FALSE)) = TRUE,"",VLOOKUP($D$4,CHOOSE({2,1},'Prime Standard'!$C53:$C53,'Prime Standard'!$H53:$H53),2,FALSE)) | E54: =IF(ISERROR(VLOOKUP($E$4,CHOOSE({2,1},'Prime Standard'!$C53:$C53,'Prime Standard'!$H53:$H53),2,FALSE)) = TRUE,"",VLOOKUP($E$4,CHOOSE({2,1},'Prime Standard'!$C53:$C53,'Prime Standard'!$H53:$H53),2,FALSE))
C55: =IF(ISERROR(VLOOKUP($C$4,CHOOSE({2,1},'Prime Standard'!$C54:$C54,'Prime Standard'!$H54:$H54),2,FALSE)) = TRUE,"",VLOOKUP($C$4,CHOOSE({2,1},'Prime Standard'!$C54:$C54,'Prime Standard'!$H54:$H54),2,FALSE)) | D55: =IF(ISERROR(VLOOKUP($D$4,CHOOSE({2,1},'Prime Standard'!$C54:$C54,'Prime Standard'!$H54:$H54),2,FALSE)) = TRUE,"",VLOOKUP($D$4,CHOOSE({2,1},'Prime Standard'!$C54:$C54,'Prime Standard'!$H54:$H54),2,FALSE)) | E55: =IF(ISERROR(VLOOKUP($E$4,CHOOSE({2,1},'Prime Standard'!$C54:$C54,'Prime Standard'!$H54:$H54),2,FALSE)) = TRUE,"",VLOOKUP($E$4,CHOOSE({2,1},'Prime Standard'!$C54:$C54,'Prime Standard'!$H54:$H54),2,FALSE)) -> CANCOM SE O.N.
C56: =IF(ISERROR(VLOOKUP($C$4,CHOOSE({2,1},'Prime Standard'!$C55:$C55,'Prime Standard'!$H55:$H55),2,FALSE)) = TRUE,"",VLOOKUP($C$4,CHOOSE({2,1},'Prime Standard'!$C55:$C55,'Prime Standard'!$H55:$H55),2,FALSE)) | D56: =IF(ISERROR(VLOOKUP($D$4,CHOOSE({2,1},'Prime Standard'!$C55:$C55,'Prime Standard'!$H55:$H55),2,FALSE)) = TRUE,"",VLOOKUP($D$4,CHOOSE({2,1},'Prime Standard'!$C55:$C55,'Prime Standard'!$H55:$H55),2,FALSE)) | E56: =IF(ISERROR(VLOOKUP($E$4,CHOOSE({2,1},'Prime Standard'!$C55:$C55,'Prime Standard'!$H55:$H55),2,FALSE)) = TRUE,"",VLOOKUP($E$4,CHOOSE({2,1},'Prime Standard'!$C55:$C55,'Prime Standard'!$H55:$H55),2,FALSE)) -> CARL ZEISS MEDITEC AG
C57: =IF(ISERROR(VLOOKUP($C$4,CHOOSE({2,1},'Prime Standard'!$C56:$C56,'Prime Standard'!$H56:$H56),2,FALSE)) = TRUE,"",VLOOKUP($C$4,CHOOSE({2,1},'Prime Standard'!$C56:$C56,'Prime Standard'!$H56:$H56),2,FALSE)) | D57: =IF(ISERROR(VLOOKUP($D$4,CHOOSE({2,1},'Prime Standard'!$C56:$C56,'Prime Standard'!$H56:$H56),2,FALSE)) = TRUE,"",VLOOKUP($D$4,CHOOSE({2,1},'Prime Standard'!$C56:$C56,'Prime Standard'!$H56:$H56),2,FALSE)) | E57: =IF(ISERROR(VLOOKUP($E$4,CHOOSE({2,1},'Prime Standard'!$C56:$C56,'Prime Standard'!$H56:$H56),2,FALSE)) = TRUE,"",VLOOKUP($E$4,CHOOSE({2,1},'Prime Standard'!$C56:$C56,'Prime Standard'!$H56:$H56),2,FALSE))
C58: =IF(ISERROR(VLOOKUP($C$4,CHOOSE({2,1},'Prime Standard'!#REF!,'Prime Standard'!#REF!),2,FALSE)) = TRUE,"",VLOOKUP($C$4,CHOOSE({2,1},'Prime Standard'!#REF!,'Prime Standard'!#REF!),2,FALSE)) | D58: =IF(ISERROR(VLOOKUP($D$4,CHOOSE({2,1},'Prime Standard'!#REF!,'Prime Standard'!#REF!),2,FALSE)) = TRUE,"",VLOOKUP($D$4,CHOOSE({2,1},'Prime Standard'!#REF!,'Prime Standard'!#REF!),2,FALSE)) | E58: =IF(ISERROR(VLOOKUP($E$4,CHOOSE({2,1},'Prime Standard'!#REF!,'Prime Standard'!#REF!),2,FALSE)) = TRUE,"",VLOOKUP($E$4,CHOOSE({2,1},'Prime Standard'!#REF!,'Prime Standard'!#REF!),2,FALSE))
C59: =IF(ISERROR(VLOOKUP($C$4,CHOOSE({2,1},'Prime Standard'!$C57:$C57,'Prime Standard'!$H57:$H57),2,FALSE)) = TRUE,"",VLOOKUP($C$4,CHOOSE({2,1},'Prime Standard'!$C57:$C57,'Prime Standard'!$H57:$H57),2,FALSE)) | D59: =IF(ISERROR(VLOOKUP($D$4,CHOOSE({2,1},'Prime Standard'!$C57:$C57,'Prime Standard'!$H57:$H57),2,FALSE)) = TRUE,"",VLOOKUP($D$4,CHOOSE({2,1},'Prime Standard'!$C57:$C57,'Prime Standard'!$H57:$H57),2,FALSE)) | E59: =IF(ISERROR(VLOOKUP($E$4,CHOOSE({2,1},'Prime Standard'!$C57:$C57,'Prime Standard'!$H57:$H57),2,FALSE)) = TRUE,"",VLOOKUP($E$4,CHOOSE({2,1},'Prime Standard'!$C57:$C57,'Prime Standard'!$H57:$H57),2,FALSE)) -> CEWE STIFTUNG KGAA O.N.
C60: =IF(ISERROR(VLOOKUP($C$4,CHOOSE({2,1},'Prime Standard'!$C58:$C58,'Prime Standard'!$H58:$H58),2,FALSE)) = TRUE,"",VLOOKUP($C$4,CHOOSE({2,1},'Prime Standard'!$C58:$C58,'Prime Standard'!$H58:$H58),2,FALSE)) | D60: =IF(ISERROR(VLOOKUP($D$4,CHOOSE({2,1},'Prime Standard'!$C58:$C58,'Prime Standard'!$H58:$H58),2,FALSE)) = TRUE,"",VLOOKUP($D$4,CHOOSE({2,1},'Prime Standard'!$C58:$C58,'Prime Standard'!$H58:$H58),2,FALSE)) | E60: =IF(ISERROR(VLOOKUP($E$4,CHOOSE({2,1},'Prime Standard'!$C58:$C58,'Prime Standard'!$H58:$H58),2,FALSE)) = TRUE,"",VLOOKUP($E$4,CHOOSE({2,1},'Prime Standard'!$C58:$C58,'Prime Standard'!$H58:$H58),2,FALSE))
C61: =IF(ISERROR(VLOOKUP($C$4,CHOOSE({2,1},'Prime Standard'!$C59:$C59,'Prime Standard'!$H59:$H59),2,FALSE)) = TRUE,"",VLOOKUP($C$4,CHOOSE({2,1},'Prime Standard'!$C59:$C59,'Prime Standard'!$H59:$H59),2,FALSE)) -> COMMERZBANK AG | D61: =IF(ISERROR(VLOOKUP($D$4,CHOOSE({2,1},'Prime Standard'!$C59:$C59,'Prime Standard'!$H59:$H59),2,FALSE)) = TRUE,"",VLOOKUP($D$4,CHOOSE({2,1},'Prime Standard'!$C59:$C59,'Prime Standard'!$H59:$H59),2,FALSE)) | E61: =IF(ISERROR(VLOOKUP($E$4,CHOOSE({2,1},'Prime Standard'!$C59:$C59,'Prime Standard'!$H59:$H59),2,FALSE)) = TRUE,"",VLOOKUP($E$4,CHOOSE({2,1},'Prime Standard'!$C59:$C59,'Prime Standard'!$H59:$H59),2,FALSE))
C62: =IF(ISERROR(VLOOKUP($C$4,CHOOSE({2,1},'Prime Standard'!#REF!,'Prime Standard'!#REF!),2,FALSE)) = TRUE,"",VLOOKUP($C$4,CHOOSE({2,1},'Prime Standard'!#REF!,'Prime Standard'!#REF!),2,FALSE)) | D62: =IF(ISERROR(VLOOKUP($D$4,CHOOSE({2,1},'Prime Standard'!#REF!,'Prime Standard'!#REF!),2,FALSE)) = TRUE,"",VLOOKUP($D$4,CHOOSE({2,1},'Prime Standard'!#REF!,'Prime Standard'!#REF!),2,FALSE)) | E62: =IF(ISERROR(VLOOKUP($E$4,CHOOSE({2,1},'Prime Standard'!#REF!,'Prime Standard'!#REF!),2,FALSE)) = TRUE,"",VLOOKUP($E$4,CHOOSE({2,1},'Prime Standard'!#REF!,'Prime Standard'!#REF!),2,FALSE))
C63: =IF(ISERROR(VLOOKUP($C$4,CHOOSE({2,1},'Prime Standard'!#REF!,'Prime Standard'!#REF!),2,FALSE)) = TRUE,"",VLOOKUP($C$4,CHOOSE({2,1},'Prime Standard'!#REF!,'Prime Standard'!#REF!),2,FALSE)) | D63: =IF(ISERROR(VLOOKUP($D$4,CHOOSE({2,1},'Prime Standard'!#REF!,'Prime Standard'!#REF!),2,FALSE)) = TRUE,"",VLOOKUP($D$4,CHOOSE({2,1},'Prime Standard'!#REF!,'Prime Standard'!#REF!),2,FALSE)) | E63: =IF(ISERROR(VLOOKUP($E$4,CHOOSE({2,1},'Prime Standard'!#REF!,'Prime Standard'!#REF!),2,FALSE)) = TRUE,"",VLOOKUP($E$4,CHOOSE({2,1},'Prime Standard'!#REF!,'Prime Standard'!#REF!),2,FALSE))
C64: =IF(ISERROR(VLOOKUP($C$4,CHOOSE({2,1},'Prime Standard'!#REF!,'Prime Standard'!#REF!),2,FALSE)) = TRUE,"",VLOOKUP($C$4,CHOOSE({2,1},'Prime Standard'!#REF!,'Prime Standard'!#REF!),2,FALSE)) | D64: =IF(ISERROR(VLOOKUP($D$4,CHOOSE({2,1},'Prime Standard'!#REF!,'Prime Standard'!#REF!),2,FALSE)) = TRUE,"",VLOOKUP($D$4,CHOOSE({2,1},'Prime Standard'!#REF!,'Prime Standard'!#REF!),2,FALSE)) | E64: =IF(ISERROR(VLOOKUP($E$4,CHOOSE({2,1},'Prime Standard'!#REF!,'Prime Standard'!#REF!),2,FALSE)) = TRUE,"",VLOOKUP($E$4,CHOOSE({2,1},'Prime Standard'!#REF!,'Prime Standard'!#REF!),2,FALSE))
C65: =IF(ISERROR(VLOOKUP($C$4,CHOOSE({2,1},'Prime Standard'!$C60:$C60,'Prime Standard'!$H60:$H60),2,FALSE)) = TRUE,"",VLOOKUP($C$4,CHOOSE({2,1},'Prime Standard'!$C60:$C60,'Prime Standard'!$H60:$H60),2,FALSE)) -> CONTINENTAL AG O.N. | D65: =IF(ISERROR(VLOOKUP($D$4,CHOOSE({2,1},'Prime Standard'!$C60:$C60,'Prime Standard'!$H60:$H60),2,FALSE)) = TRUE,"",VLOOKUP($D$4,CHOOSE({2,1},'Prime Standard'!$C60:$C60,'Prime Standard'!$H60:$H60),2,FALSE)) | E65: =IF(ISERROR(VLOOKUP($E$4,CHOOSE({2,1},'Prime Standard'!$C60:$C60,'Prime Standard'!$H60:$H60),2,FALSE)) = TRUE,"",VLOOKUP($E$4,CHOOSE({2,1},'Prime Standard'!$C60:$C60,'Prime Standard'!$H60:$H60),2,FALSE))
C66: =IF(ISERROR(VLOOKUP($C$4,CHOOSE({2,1},'Prime Standard'!#REF!,'Prime Standard'!#REF!),2,FALSE)) = TRUE,"",VLOOKUP($C$4,CHOOSE({2,1},'Prime Standard'!#REF!,'Prime Standard'!#REF!),2,FALSE)) | D66: =IF(ISERROR(VLOOKUP($D$4,CHOOSE({2,1},'Prime Standard'!#REF!,'Prime Standard'!#REF!),2,FALSE)) = TRUE,"",VLOOKUP($D$4,CHOOSE({2,1},'Prime Standard'!#REF!,'Prime Standard'!#REF!),2,FALSE)) | E66: =IF(ISERROR(VLOOKUP($E$4,CHOOSE({2,1},'Prime Standard'!#REF!,'Prime Standard'!#REF!),2,FALSE)) = TRUE,"",VLOOKUP($E$4,CHOOSE({2,1},'Prime Standard'!#REF!,'Prime Standard'!#REF!),2,FALSE))
C67: =IF(ISERROR(VLOOKUP($C$4,CHOOSE({2,1},'Prime Standard'!$C61:$C61,'Prime Standard'!$H61:$H61),2,FALSE)) = TRUE,"",VLOOKUP($C$4,CHOOSE({2,1},'Prime Standard'!$C61:$C61,'Prime Standard'!$H61:$H61),2,FALSE)) | D67: =IF(ISERROR(VLOOKUP($D$4,CHOOSE({2,1},'Prime Standard'!$C61:$C61,'Prime Standard'!$H61:$H61),2,FALSE)) = TRUE,"",VLOOKUP($D$4,CHOOSE({2,1},'Prime Standard'!$C61:$C61,'Prime Standard'!$H61:$H61),2,FALSE)) -> CTS EVENTIM KGAA | E67: =IF(ISERROR(VLOOKUP($E$4,CHOOSE({2,1},'Prime Standard'!$C61:$C61,'Prime Standard'!$H61:$H61),2,FALSE)) = TRUE,"",VLOOKUP($E$4,CHOOSE({2,1},'Prime Standard'!$C61:$C61,'Prime Standard'!$H61:$H61),2,FALSE))
C68: =IF(ISERROR(VLOOKUP($C$4,CHOOSE({2,1},'Prime Standard'!$C62:$C62,'Prime Standard'!$H62:$H62),2,FALSE)) = TRUE,"",VLOOKUP($C$4,CHOOSE({2,1},'Prime Standard'!$C62:$C62,'Prime Standard'!$H62:$H62),2,FALSE)) -> DAIMLER TRUCK HOLDING AG | D68: =IF(ISERROR(VLOOKUP($D$4,CHOOSE({2,1},'Prime Standard'!$C62:$C62,'Prime Standard'!$H62:$H62),2,FALSE)) = TRUE,"",VLOOKUP($D$4,CHOOSE({2,1},'Prime Standard'!$C62:$C62,'Prime Standard'!$H62:$H62),2,FALSE)) | E68: =IF(ISERROR(VLOOKUP($E$4,CHOOSE({2,1},'Prime Standard'!$C62:$C62,'Prime Standard'!$H62:$H62),2,FALSE)) = TRUE,"",VLOOKUP($E$4,CHOOSE({2,1},'Prime Standard'!$C62:$C62,'Prime Standard'!$H62:$H62),2,FALSE))
C69: =IF(ISERROR(VLOOKUP($C$4,CHOOSE({2,1},'Prime Standard'!$C63:$C63,'Prime Standard'!$H63:$H63),2,FALSE)) = TRUE,"",VLOOKUP($C$4,CHOOSE({2,1},'Prime Standard'!$C63:$C63,'Prime Standard'!$H63:$H63),2,FALSE)) | D69: =IF(ISERROR(VLOOKUP($D$4,CHOOSE({2,1},'Prime Standard'!$C63:$C63,'Prime Standard'!$H63:$H63),2,FALSE)) = TRUE,"",VLOOKUP($D$4,CHOOSE({2,1},'Prime Standard'!$C63:$C63,'Prime Standard'!$H63:$H63),2,FALSE)) | E69: =IF(ISERROR(VLOOKUP($E$4,CHOOSE({2,1},'Prime Standard'!$C63:$C63,'Prime Standard'!$H63:$H63),2,FALSE)) = TRUE,"",VLOOKUP($E$4,CHOOSE({2,1},'Prime Standard'!$C63:$C63,'Prime Standard'!$H63:$H63),2,FALSE))
C70: =IF(ISERROR(VLOOKUP($C$4,CHOOSE({2,1},'Prime Standard'!$C64:$C64,'Prime Standard'!$H64:$H64),2,FALSE)) = TRUE,"",VLOOKUP($C$4,CHOOSE({2,1},'Prime Standard'!$C64:$C64,'Prime Standard'!$H64:$H64),2,FALSE)) | D70: =IF(ISERROR(VLOOKUP($D$4,CHOOSE({2,1},'Prime Standard'!$C64:$C64,'Prime Standard'!$H64:$H64),2,FALSE)) = TRUE,"",VLOOKUP($D$4,CHOOSE({2,1},'Prime Standard'!$C64:$C64,'Prime Standard'!$H64:$H64),2,FALSE)) -> DELIVERY HERO SE NA O.N. | E70: =IF(ISERROR(VLOOKUP($E$4,CHOOSE({2,1},'Prime Standard'!$C64:$C64,'Prime Standard'!$H64:$H64),2,FALSE)) = TRUE,"",VLOOKUP($E$4,CHOOSE({2,1},'Prime Standard'!$C64:$C64,'Prime Standard'!$H64:$H64),2,FALSE))
C71: =IF(ISERROR(VLOOKUP($C$4,CHOOSE({2,1},'Prime Standard'!$C65:$C65,'Prime Standard'!$H65:$H65),2,FALSE)) = TRUE,"",VLOOKUP($C$4,CHOOSE({2,1},'Prime Standard'!$C65:$C65,'Prime Standard'!$H65:$H65),2,FALSE)) | D71: =IF(ISERROR(VLOOKUP($D$4,CHOOSE({2,1},'Prime Standard'!$C65:$C65,'Prime Standard'!$H65:$H65),2,FALSE)) = TRUE,"",VLOOKUP($D$4,CHOOSE({2,1},'Prime Standard'!$C65:$C65,'Prime Standard'!$H65:$H65),2,FALSE)) | E71: =IF(ISERROR(VLOOKUP($E$4,CHOOSE({2,1},'Prime Standard'!$C65:$C65,'Prime Standard'!$H65:$H65),2,FALSE)) = TRUE,"",VLOOKUP($E$4,CHOOSE({2,1},'Prime Standard'!$C65:$C65,'Prime Standard'!$H65:$H65),2,FALSE))
C72: =IF(ISERROR(VLOOKUP($C$4,CHOOSE({2,1},'Prime Standard'!$C66:$C66,'Prime Standard'!$H66:$H66),2,FALSE)) = TRUE,"",VLOOKUP($C$4,CHOOSE({2,1},'Prime Standard'!$C66:$C66,'Prime Standard'!$H66:$H66),2,FALSE)) | D72: =IF(ISERROR(VLOOKUP($D$4,CHOOSE({2,1},'Prime Standard'!$C66:$C66,'Prime Standard'!$H66:$H66),2,FALSE)) = TRUE,"",VLOOKUP($D$4,CHOOSE({2,1},'Prime Standard'!$C66:$C66,'Prime Standard'!$H66:$H66),2,FALSE)) | E72: =IF(ISERROR(VLOOKUP($E$4,CHOOSE({2,1},'Prime Standard'!$C66:$C66,'Prime Standard'!$H66:$H66),2,FALSE)) = TRUE,"",VLOOKUP($E$4,CHOOSE({2,1},'Prime Standard'!$C66:$C66,'Prime Standard'!$H66:$H66),2,FALSE))
C73: =IF(ISERROR(VLOOKUP($C$4,CHOOSE({2,1},'Prime Standard'!$C67:$C67,'Prime Standard'!$H67:$H67),2,FALSE)) = TRUE,"",VLOOKUP($C$4,CHOOSE({2,1},'Prime Standard'!$C67:$C67,'Prime Standard'!$H67:$H67),2,FALSE)) | D73: =IF(ISERROR(VLOOKUP($D$4,CHOOSE({2,1},'Prime Standard'!$C67:$C67,'Prime Standard'!$H67:$H67),2,FALSE)) = TRUE,"",VLOOKUP($D$4,CHOOSE({2,1},'Prime Standard'!$C67:$C67,'Prime Standard'!$H67:$H67),2,FALSE)) | E73: =IF(ISERROR(VLOOKUP($E$4,CHOOSE({2,1},'Prime Standard'!$C67:$C67,'Prime Standard'!$H67:$H67),2,FALSE)) = TRUE,"",VLOOKUP($E$4,CHOOSE({2,1},'Prime Standard'!$C67:$C67,'Prime Standard'!$H67:$H67),2,FALSE)) -> DERMAPHARM HOLDING INH O.N.
C74: =IF(ISERROR(VLOOKUP($C$4,CHOOSE({2,1},'Prime Standard'!$C68:$C68,'Prime Standard'!$H68:$H68),2,FALSE)) = TRUE,"",VLOOKUP($C$4,CHOOSE({2,1},'Prime Standard'!$C68:$C68,'Prime Standard'!$H68:$H68),2,FALSE)) -> DEUTSCHE BANK AG NA O.N. | D74: =IF(ISERROR(VLOOKUP($D$4,CHOOSE({2,1},'Prime Standard'!$C68:$C68,'Prime Standard'!$H68:$H68),2,FALSE)) = TRUE,"",VLOOKUP($D$4,CHOOSE({2,1},'Prime Standard'!$C68:$C68,'Prime Standard'!$H68:$H68),2,FALSE)) | E74: =IF(ISERROR(VLOOKUP($E$4,CHOOSE({2,1},'Prime Standard'!$C68:$C68,'Prime Standard'!$H68:$H68),2,FALSE)) = TRUE,"",VLOOKUP($E$4,CHOOSE({2,1},'Prime Standard'!$C68:$C68,'Prime Standard'!$H68:$H68),2,FALSE))
C75: =IF(ISERROR(VLOOKUP($C$4,CHOOSE({2,1},'Prime Standard'!$C69:$C69,'Prime Standard'!$H69:$H69),2,FALSE)) = TRUE,"",VLOOKUP($C$4,CHOOSE({2,1},'Prime Standard'!$C69:$C69,'Prime Standard'!$H69:$H69),2,FALSE)) -> DEUTSCHE BOERSE NA O.N. | D75: =IF(ISERROR(VLOOKUP($D$4,CHOOSE({2,1},'Prime Standard'!$C69:$C69,'Prime Standard'!$H69:$H69),2,FALSE)) = TRUE,"",VLOOKUP($D$4,CHOOSE({2,1},'Prime Standard'!$C69:$C69,'Prime Standard'!$H69:$H69),2,FALSE)) | E75: =IF(ISERROR(VLOOKUP($E$4,CHOOSE({2,1},'Prime Standard'!$C69:$C69,'Prime Standard'!$H69:$H69),2,FALSE)) = TRUE,"",VLOOKUP($E$4,CHOOSE({2,1},'Prime Standard'!$C69:$C69,'Prime Standard'!$H69:$H69),2,FALSE))
C76: =IF(ISERROR(VLOOKUP($C$4,CHOOSE({2,1},'Prime Standard'!$C70:$C70,'Prime Standard'!$H70:$H70),2,FALSE)) = TRUE,"",VLOOKUP($C$4,CHOOSE({2,1},'Prime Standard'!$C70:$C70,'Prime Standard'!$H70:$H70),2,FALSE)) | D76: =IF(ISERROR(VLOOKUP($D$4,CHOOSE({2,1},'Prime Standard'!$C70:$C70,'Prime Standard'!$H70:$H70),2,FALSE)) = TRUE,"",VLOOKUP($D$4,CHOOSE({2,1},'Prime Standard'!$C70:$C70,'Prime Standard'!$H70:$H70),2,FALSE)) | E76: =IF(ISERROR(VLOOKUP($E$4,CHOOSE({2,1},'Prime Standard'!$C70:$C70,'Prime Standard'!$H70:$H70),2,FALSE)) = TRUE,"",VLOOKUP($E$4,CHOOSE({2,1},'Prime Standard'!$C70:$C70,'Prime Standard'!$H70:$H70),2,FALSE)) -> DEUTSCHE EUROSHOP SE
C77: =IF(ISERROR(VLOOKUP($C$4,CHOOSE({2,1},'Prime Standard'!$C71:$C71,'Prime Standard'!$H71:$H71),2,FALSE)) = TRUE,"",VLOOKUP($C$4,CHOOSE({2,1},'Prime Standard'!$C71:$C71,'Prime Standard'!$H71:$H71),2,FALSE)) -> DEUTSCHE POST AG NA O.N. | D77: =IF(ISERROR(VLOOKUP($D$4,CHOOSE({2,1},'Prime Standard'!$C71:$C71,'Prime Standard'!$H71:$H71),2,FALSE)) = TRUE,"",VLOOKUP($D$4,CHOOSE({2,1},'Prime Standard'!$C71:$C71,'Prime Standard'!$H71:$H71),2,FALSE)) | E77: =IF(ISERROR(VLOOKUP($E$4,CHOOSE({2,1},'Prime Standard'!$C71:$C71,'Prime Standard'!$H71:$H71),2,FALSE)) = TRUE,"",VLOOKUP($E$4,CHOOSE({2,1},'Prime Standard'!$C71:$C71,'Prime Standard'!$H71:$H71),2,FALSE))
C78: =IF(ISERROR(VLOOKUP($C$4,CHOOSE({2,1},'Prime Standard'!$C72:$C72,'Prime Standard'!$H72:$H72),2,FALSE)) = TRUE,"",VLOOKUP($C$4,CHOOSE({2,1},'Prime Standard'!$C72:$C72,'Prime Standard'!$H72:$H72),2,FALSE)) | D78: =IF(ISERROR(VLOOKUP($D$4,CHOOSE({2,1},'Prime Standard'!$C72:$C72,'Prime Standard'!$H72:$H72),2,FALSE)) = TRUE,"",VLOOKUP($D$4,CHOOSE({2,1},'Prime Standard'!$C72:$C72,'Prime Standard'!$H72:$H72),2,FALSE)) -> DEUTZ AG O.N. | E78: =IF(ISERROR(VLOOKUP($E$4,CHOOSE({2,1},'Prime Standard'!$C72:$C72,'Prime Standard'!$H72:$H72),2,FALSE)) = TRUE,"",VLOOKUP($E$4,CHOOSE({2,1},'Prime Standard'!$C72:$C72,'Prime Standard'!$H72:$H72),2,FALSE))
C79: =IF(ISERROR(VLOOKUP($C$4,CHOOSE({2,1},'Prime Standard'!#REF!,'Prime Standard'!#REF!),2,FALSE)) = TRUE,"",VLOOKUP($C$4,CHOOSE({2,1},'Prime Standard'!#REF!,'Prime Standard'!#REF!),2,FALSE)) | D79: =IF(ISERROR(VLOOKUP($D$4,CHOOSE({2,1},'Prime Standard'!#REF!,'Prime Standard'!#REF!),2,FALSE)) = TRUE,"",VLOOKUP($D$4,CHOOSE({2,1},'Prime Standard'!#REF!,'Prime Standard'!#REF!),2,FALSE)) | E79: =IF(ISERROR(VLOOKUP($E$4,CHOOSE({2,1},'Prime Standard'!#REF!,'Prime Standard'!#REF!),2,FALSE)) = TRUE,"",VLOOKUP($E$4,CHOOSE({2,1},'Prime Standard'!#REF!,'Prime Standard'!#REF!),2,FALSE))
C80: =IF(ISERROR(VLOOKUP($C$4,CHOOSE({2,1},'Prime Standard'!$C73:$C73,'Prime Standard'!$H73:$H73),2,FALSE)) = TRUE,"",VLOOKUP($C$4,CHOOSE({2,1},'Prime Standard'!$C73:$C73,'Prime Standard'!$H73:$H73),2,FALSE)) | D80: =IF(ISERROR(VLOOKUP($D$4,CHOOSE({2,1},'Prime Standard'!$C73:$C73,'Prime Standard'!$H73:$H73),2,FALSE)) = TRUE,"",VLOOKUP($D$4,CHOOSE({2,1},'Prime Standard'!$C73:$C73,'Prime Standard'!$H73:$H73),2,FALSE)) | E80: =IF(ISERROR(VLOOKUP($E$4,CHOOSE({2,1},'Prime Standard'!$C73:$C73,'Prime Standard'!$H73:$H73),2,FALSE)) = TRUE,"",VLOOKUP($E$4,CHOOSE({2,1},'Prime Standard'!$C73:$C73,'Prime Standard'!$H73:$H73),2,FALSE))
C81: =IF(ISERROR(VLOOKUP($C$4,CHOOSE({2,1},'Prime Standard'!$C74:$C74,'Prime Standard'!$H74:$H74),2,FALSE)) = TRUE,"",VLOOKUP($C$4,CHOOSE({2,1},'Prime Standard'!$C74:$C74,'Prime Standard'!$H74:$H74),2,FALSE)) | D81: =IF(ISERROR(VLOOKUP($D$4,CHOOSE({2,1},'Prime Standard'!$C74:$C74,'Prime Standard'!$H74:$H74),2,FALSE)) = TRUE,"",VLOOKUP($D$4,CHOOSE({2,1},'Prime Standard'!$C74:$C74,'Prime Standard'!$H74:$H74),2,FALSE)) | E81: =IF(ISERROR(VLOOKUP($E$4,CHOOSE({2,1},'Prime Standard'!$C74:$C74,'Prime Standard'!$H74:$H74),2,FALSE)) = TRUE,"",VLOOKUP($E$4,CHOOSE({2,1},'Prime Standard'!$C74:$C74,'Prime Standard'!$H74:$H74),2,FALSE)) -> DOUGLAS AG
C82: =IF(ISERROR(VLOOKUP($C$4,CHOOSE({2,1},'Prime Standard'!$C75:$C75,'Prime Standard'!$H75:$H75),2,FALSE)) = TRUE,"",VLOOKUP($C$4,CHOOSE({2,1},'Prime Standard'!$C75:$C75,'Prime Standard'!$H75:$H75),2,FALSE)) | D82: =IF(ISERROR(VLOOKUP($D$4,CHOOSE({2,1},'Prime Standard'!$C75:$C75,'Prime Standard'!$H75:$H75),2,FALSE)) = TRUE,"",VLOOKUP($D$4,CHOOSE({2,1},'Prime Standard'!$C75:$C75,'Prime Standard'!$H75:$H75),2,FALSE)) | E82: =IF(ISERROR(VLOOKUP($E$4,CHOOSE({2,1},'Prime Standard'!$C75:$C75,'Prime Standard'!$H75:$H75),2,FALSE)) = TRUE,"",VLOOKUP($E$4,CHOOSE({2,1},'Prime Standard'!$C75:$C75,'Prime Standard'!$H75:$H75),2,FALSE))
C83: =IF(ISERROR(VLOOKUP($C$4,CHOOSE({2,1},'Prime Standard'!$C76:$C76,'Prime Standard'!$H76:$H76),2,FALSE)) = TRUE,"",VLOOKUP($C$4,CHOOSE({2,1},'Prime Standard'!$C76:$C76,'Prime Standard'!$H76:$H76),2,FALSE)) | D83: =IF(ISERROR(VLOOKUP($D$4,CHOOSE({2,1},'Prime Standard'!$C76:$C76,'Prime Standard'!$H76:$H76),2,FALSE)) = TRUE,"",VLOOKUP($D$4,CHOOSE({2,1},'Prime Standard'!$C76:$C76,'Prime Standard'!$H76:$H76),2,FALSE)) | E83: =IF(ISERROR(VLOOKUP($E$4,CHOOSE({2,1},'Prime Standard'!$C76:$C76,'Prime Standard'!$H76:$H76),2,FALSE)) = TRUE,"",VLOOKUP($E$4,CHOOSE({2,1},'Prime Standard'!$C76:$C76,'Prime Standard'!$H76:$H76),2,FALSE)) -> DRAEGERWERK VZO O.N.
C84: =IF(ISERROR(VLOOKUP($C$4,CHOOSE({2,1},'Prime Standard'!$C77:$C77,'Prime Standard'!$H77:$H77),2,FALSE)) = TRUE,"",VLOOKUP($C$4,CHOOSE({2,1},'Prime Standard'!$C77:$C77,'Prime Standard'!$H77:$H77),2,FALSE)) | D84: =IF(ISERROR(VLOOKUP($D$4,CHOOSE({2,1},'Prime Standard'!$C77:$C77,'Prime Standard'!$H77:$H77),2,FALSE)) = TRUE,"",VLOOKUP($D$4,CHOOSE({2,1},'Prime Standard'!$C77:$C77,'Prime Standard'!$H77:$H77),2,FALSE)) | E84: =IF(ISERROR(VLOOKUP($E$4,CHOOSE({2,1},'Prime Standard'!$C77:$C77,'Prime Standard'!$H77:$H77),2,FALSE)) = TRUE,"",VLOOKUP($E$4,CHOOSE({2,1},'Prime Standard'!$C77:$C77,'Prime Standard'!$H77:$H77),2,FALSE))
C85: =IF(ISERROR(VLOOKUP($C$4,CHOOSE({2,1},'Prime Standard'!$C78:$C78,'Prime Standard'!$H78:$H78),2,FALSE)) = TRUE,"",VLOOKUP($C$4,CHOOSE({2,1},'Prime Standard'!$C78:$C78,'Prime Standard'!$H78:$H78),2,FALSE)) | D85: =IF(ISERROR(VLOOKUP($D$4,CHOOSE({2,1},'Prime Standard'!$C78:$C78,'Prime Standard'!$H78:$H78),2,FALSE)) = TRUE,"",VLOOKUP($D$4,CHOOSE({2,1},'Prime Standard'!$C78:$C78,'Prime Standard'!$H78:$H78),2,FALSE)) | E85: =IF(ISERROR(VLOOKUP($E$4,CHOOSE({2,1},'Prime Standard'!$C78:$C78,'Prime Standard'!$H78:$H78),2,FALSE)) = TRUE,"",VLOOKUP($E$4,CHOOSE({2,1},'Prime Standard'!$C78:$C78,'Prime Standard'!$H78:$H78),2,FALSE)) -> DT.BETEILIG.AG NA O.N.
C86: =IF(ISERROR(VLOOKUP($C$4,CHOOSE({2,1},'Prime Standard'!$C79:$C79,'Prime Standard'!$H79:$H79),2,FALSE)) = TRUE,"",VLOOKUP($C$4,CHOOSE({2,1},'Prime Standard'!$C79:$C79,'Prime Standard'!$H79:$H79),2,FALSE)) | D86: =IF(ISERROR(VLOOKUP($D$4,CHOOSE({2,1},'Prime Standard'!$C79:$C79,'Prime Standard'!$H79:$H79),2,FALSE)) = TRUE,"",VLOOKUP($D$4,CHOOSE({2,1},'Prime Standard'!$C79:$C79,'Prime Standard'!$H79:$H79),2,FALSE)) | E86: =IF(ISERROR(VLOOKUP($E$4,CHOOSE({2,1},'Prime Standard'!$C79:$C79,'Prime Standard'!$H79:$H79),2,FALSE)) = TRUE,"",VLOOKUP($E$4,CHOOSE({2,1},'Prime Standard'!$C79:$C79,'Prime Standard'!$H79:$H79),2,FALSE)) -> DT.PFANDBRIEFBK AG
C87: =IF(ISERROR(VLOOKUP($C$4,CHOOSE({2,1},'Prime Standard'!$C80:$C80,'Prime Standard'!#REF!),2,FALSE)) = TRUE,"",VLOOKUP($C$4,CHOOSE({2,1},'Prime Standard'!$C80:$C80,'Prime Standard'!#REF!),2,FALSE)) | D87: =IF(ISERROR(VLOOKUP($D$4,CHOOSE({2,1},'Prime Standard'!$C80:$C80,'Prime Standard'!#REF!),2,FALSE)) = TRUE,"",VLOOKUP($D$4,CHOOSE({2,1},'Prime Standard'!$C80:$C80,'Prime Standard'!#REF!),2,FALSE)) | E87: =IF(ISERROR(VLOOKUP($E$4,CHOOSE({2,1},'Prime Standard'!$C80:$C80,'Prime Standard'!#REF!),2,FALSE)) = TRUE,"",VLOOKUP($E$4,CHOOSE({2,1},'Prime Standard'!$C80:$C80,'Prime Standard'!#REF!),2,FALSE))
C88: =IF(ISERROR(VLOOKUP($C$4,CHOOSE({2,1},'Prime Standard'!$C81:$C81,'Prime Standard'!$H81:$H81),2,FALSE)) = TRUE,"",VLOOKUP($C$4,CHOOSE({2,1},'Prime Standard'!$C81:$C81,'Prime Standard'!$H81:$H81),2,FALSE)) | D88: =IF(ISERROR(VLOOKUP($D$4,CHOOSE({2,1},'Prime Standard'!$C81:$C81,'Prime Standard'!$H81:$H81),2,FALSE)) = TRUE,"",VLOOKUP($D$4,CHOOSE({2,1},'Prime Standard'!$C81:$C81,'Prime Standard'!$H81:$H81),2,FALSE)) | E88: =IF(ISERROR(VLOOKUP($E$4,CHOOSE({2,1},'Prime Standard'!$C81:$C81,'Prime Standard'!$H81:$H81),2,FALSE)) = TRUE,"",VLOOKUP($E$4,CHOOSE({2,1},'Prime Standard'!$C81:$C81,'Prime Standard'!$H81:$H81),2,FALSE)) -> DUERR AG O.N.
C89: =IF(ISERROR(VLOOKUP($C$4,CHOOSE({2,1},'Prime Standard'!$C82:$C82,'Prime Standard'!$H82:$H82),2,FALSE)) = TRUE,"",VLOOKUP($C$4,CHOOSE({2,1},'Prime Standard'!$C82:$C82,'Prime Standard'!$H82:$H82),2,FALSE)) | D89: =IF(ISERROR(VLOOKUP($D$4,CHOOSE({2,1},'Prime Standard'!$C82:$C82,'Prime Standard'!$H82:$H82),2,FALSE)) = TRUE,"",VLOOKUP($D$4,CHOOSE({2,1},'Prime Standard'!$C82:$C82,'Prime Standard'!$H82:$H82),2,FALSE)) -> DWS GROUP GMBH+CO.KGAA ON | E89: =IF(ISERROR(VLOOKUP($E$4,CHOOSE({2,1},'Prime Standard'!$C82:$C82,'Prime Standard'!$H82:$H82),2,FALSE)) = TRUE,"",VLOOKUP($E$4,CHOOSE({2,1},'Prime Standard'!$C82:$C82,'Prime Standard'!$H82:$H82),2,FALSE))
C90: =IF(ISERROR(VLOOKUP($C$4,CHOOSE({2,1},'Prime Standard'!$C83:$C83,'Prime Standard'!$H83:$H83),2,FALSE)) = TRUE,"",VLOOKUP($C$4,CHOOSE({2,1},'Prime Standard'!$C83:$C83,'Prime Standard'!$H83:$H83),2,FALSE)) -> E.ON SE NA O.N. | D90: =IF(ISERROR(VLOOKUP($D$4,CHOOSE({2,1},'Prime Standard'!$C83:$C83,'Prime Standard'!$H83:$H83),2,FALSE)) = TRUE,"",VLOOKUP($D$4,CHOOSE({2,1},'Prime Standard'!$C83:$C83,'Prime Standard'!$H83:$H83),2,FALSE)) | E90: =IF(ISERROR(VLOOKUP($E$4,CHOOSE({2,1},'Prime Standard'!$C83:$C83,'Prime Standard'!$H83:$H83),2,FALSE)) = TRUE,"",VLOOKUP($E$4,CHOOSE({2,1},'Prime Standard'!$C83:$C83,'Prime Standard'!$H83:$H83),2,FALSE))
C91: =IF(ISERROR(VLOOKUP($C$4,CHOOSE({2,1},'Prime Standard'!$C84:$C84,'Prime Standard'!$H84:$H84),2,FALSE)) = TRUE,"",VLOOKUP($C$4,CHOOSE({2,1},'Prime Standard'!$C84:$C84,'Prime Standard'!$H84:$H84),2,FALSE)) | D91: =IF(ISERROR(VLOOKUP($D$4,CHOOSE({2,1},'Prime Standard'!$C84:$C84,'Prime Standard'!$H84:$H84),2,FALSE)) = TRUE,"",VLOOKUP($D$4,CHOOSE({2,1},'Prime Standard'!$C84:$C84,'Prime Standard'!$H84:$H84),2,FALSE)) | E91: =IF(ISERROR(VLOOKUP($E$4,CHOOSE({2,1},'Prime Standard'!$C84:$C84,'Prime Standard'!$H84:$H84),2,FALSE)) = TRUE,"",VLOOKUP($E$4,CHOOSE({2,1},'Prime Standard'!$C84:$C84,'Prime Standard'!$H84:$H84),2,FALSE)) -> ECKERT+ZIEGLER SE O.N.
C92: =IF(ISERROR(VLOOKUP($C$4,CHOOSE({2,1},'Prime Standard'!#REF!,'Prime Standard'!#REF!),2,FALSE)) = TRUE,"",VLOOKUP($C$4,CHOOSE({2,1},'Prime Standard'!#REF!,'Prime Standard'!#REF!),2,FALSE)) | D92: =IF(ISERROR(VLOOKUP($D$4,CHOOSE({2,1},'Prime Standard'!#REF!,'Prime Standard'!#REF!),2,FALSE)) = TRUE,"",VLOOKUP($D$4,CHOOSE({2,1},'Prime Standard'!#REF!,'Prime Standard'!#REF!),2,FALSE)) | E92: =IF(ISERROR(VLOOKUP($E$4,CHOOSE({2,1},'Prime Standard'!#REF!,'Prime Standard'!#REF!),2,FALSE)) = TRUE,"",VLOOKUP($E$4,CHOOSE({2,1},'Prime Standard'!#REF!,'Prime Standard'!#REF!),2,FALSE))
C93: =IF(ISERROR(VLOOKUP($C$4,CHOOSE({2,1},'Prime Standard'!$C85:$C85,'Prime Standard'!$H85:$H85),2,FALSE)) = TRUE,"",VLOOKUP($C$4,CHOOSE({2,1},'Prime Standard'!$C85:$C85,'Prime Standard'!$H85:$H85),2,FALSE)) | D93: =IF(ISERROR(VLOOKUP($D$4,CHOOSE({2,1},'Prime Standard'!$C85:$C85,'Prime Standard'!$H85:$H85),2,FALSE)) = TRUE,"",VLOOKUP($D$4,CHOOSE({2,1},'Prime Standard'!$C85:$C85,'Prime Standard'!$H85:$H85),2,FALSE)) | E93: =IF(ISERROR(VLOOKUP($E$4,CHOOSE({2,1},'Prime Standard'!$C85:$C85,'Prime Standard'!$H85:$H85),2,FALSE)) = TRUE,"",VLOOKUP($E$4,CHOOSE({2,1},'Prime Standard'!$C85:$C85,'Prime Standard'!$H85:$H85),2,FALSE))
C94: =IF(ISERROR(VLOOKUP($C$4,CHOOSE({2,1},'Prime Standard'!$C86:$C86,'Prime Standard'!$H86:$H86),2,FALSE)) = TRUE,"",VLOOKUP($C$4,CHOOSE({2,1},'Prime Standard'!$C86:$C86,'Prime Standard'!$H86:$H86),2,FALSE)) | D94: =IF(ISERROR(VLOOKUP($D$4,CHOOSE({2,1},'Prime Standard'!$C86:$C86,'Prime Standard'!$H86:$H86),2,FALSE)) = TRUE,"",VLOOKUP($D$4,CHOOSE({2,1},'Prime Standard'!$C86:$C86,'Prime Standard'!$H86:$H86),2,FALSE)) | E94: =IF(ISERROR(VLOOKUP($E$4,CHOOSE({2,1},'Prime Standard'!$C86:$C86,'Prime Standard'!$H86:$H86),2,FALSE)) = TRUE,"",VLOOKUP($E$4,CHOOSE({2,1},'Prime Standard'!$C86:$C86,'Prime Standard'!$H86:$H86),2,FALSE)) -> EINHELL GERMANY VZO O.N.
C95: =IF(ISERROR(VLOOKUP($C$4,CHOOSE({2,1},'Prime Standard'!$C87:$C87,'Prime Standard'!$H87:$H87),2,FALSE)) = TRUE,"",VLOOKUP($C$4,CHOOSE({2,1},'Prime Standard'!$C87:$C87,'Prime Standard'!$H87:$H87),2,FALSE)) | D95: =IF(ISERROR(VLOOKUP($D$4,CHOOSE({2,1},'Prime Standard'!$C87:$C87,'Prime Standard'!$H87:$H87),2,FALSE)) = TRUE,"",VLOOKUP($D$4,CHOOSE({2,1},'Prime Standard'!$C87:$C87,'Prime Standard'!$H87:$H87),2,FALSE)) | E95: =IF(ISERROR(VLOOKUP($E$4,CHOOSE({2,1},'Prime Standard'!$C87:$C87,'Prime Standard'!$H87:$H87),2,FALSE)) = TRUE,"",VLOOKUP($E$4,CHOOSE({2,1},'Prime Standard'!$C87:$C87,'Prime Standard'!$H87:$H87),2,FALSE))
C96: =IF(ISERROR(VLOOKUP($C$4,CHOOSE({2,1},'Prime Standard'!$C88:$C88,'Prime Standard'!$H88:$H88),2,FALSE)) = TRUE,"",VLOOKUP($C$4,CHOOSE({2,1},'Prime Standard'!$C88:$C88,'Prime Standard'!$H88:$H88),2,FALSE)) | D96: =IF(ISERROR(VLOOKUP($D$4,CHOOSE({2,1},'Prime Standard'!$C88:$C88,'Prime Standard'!$H88:$H88),2,FALSE)) = TRUE,"",VLOOKUP($D$4,CHOOSE({2,1},'Prime Standard'!$C88:$C88,'Prime Standard'!$H88:$H88),2,FALSE)) -> ELMOS SEMICONDUCTOR INH O.N. | E96: =IF(ISERROR(VLOOKUP($E$4,CHOOSE({2,1},'Prime Standard'!$C88:$C88,'Prime Standard'!$H88:$H88),2,FALSE)) = TRUE,"",VLOOKUP($E$4,CHOOSE({2,1},'Prime Standard'!$C88:$C88,'Prime Standard'!$H88:$H88),2,FALSE))
C97: =IF(ISERROR(VLOOKUP($C$4,CHOOSE({2,1},'Prime Standard'!$C89:$C89,'Prime Standard'!$H89:$H89),2,FALSE)) = TRUE,"",VLOOKUP($C$4,CHOOSE({2,1},'Prime Standard'!$C89:$C89,'Prime Standard'!$H89:$H89),2,FALSE)) | D97: =IF(ISERROR(VLOOKUP($D$4,CHOOSE({2,1},'Prime Standard'!$C89:$C89,'Prime Standard'!$H89:$H89),2,FALSE)) = TRUE,"",VLOOKUP($D$4,CHOOSE({2,1},'Prime Standard'!$C89:$C89,'Prime Standard'!$H89:$H89),2,FALSE)) | E97: =IF(ISERROR(VLOOKUP($E$4,CHOOSE({2,1},'Prime Standard'!$C89:$C89,'Prime Standard'!$H89:$H89),2,FALSE)) = TRUE,"",VLOOKUP($E$4,CHOOSE({2,1},'Prime Standard'!$C89:$C89,'Prime Standard'!$H89:$H89),2,FALSE))
C98: =IF(ISERROR(VLOOKUP($C$4,CHOOSE({2,1},'Prime Standard'!$C90:$C90,'Prime Standard'!$H90:$H90),2,FALSE)) = TRUE,"",VLOOKUP($C$4,CHOOSE({2,1},'Prime Standard'!$C90:$C90,'Prime Standard'!$H90:$H90),2,FALSE)) | D98: =IF(ISERROR(VLOOKUP($D$4,CHOOSE({2,1},'Prime Standard'!$C90:$C90,'Prime Standard'!$H90:$H90),2,FALSE)) = TRUE,"",VLOOKUP($D$4,CHOOSE({2,1},'Prime Standard'!$C90:$C90,'Prime Standard'!$H90:$H90),2,FALSE)) | E98: =IF(ISERROR(VLOOKUP($E$4,CHOOSE({2,1},'Prime Standard'!$C90:$C90,'Prime Standard'!$H90:$H90),2,FALSE)) = TRUE,"",VLOOKUP($E$4,CHOOSE({2,1},'Prime Standard'!$C90:$C90,'Prime Standard'!$H90:$H90),2,FALSE))
C99: =IF(ISERROR(VLOOKUP($C$4,CHOOSE({2,1},'Prime Standard'!$C91:$C91,'Prime Standard'!$H91:$H91),2,FALSE)) = TRUE,"",VLOOKUP($C$4,CHOOSE({2,1},'Prime Standard'!$C91:$C91,'Prime Standard'!$H91:$H91),2,FALSE)) | D99: =IF(ISERROR(VLOOKUP($D$4,CHOOSE({2,1},'Prime Standard'!$C91:$C91,'Prime Standard'!$H91:$H91),2,FALSE)) = TRUE,"",VLOOKUP($D$4,CHOOSE({2,1},'Prime Standard'!$C91:$C91,'Prime Standard'!$H91:$H91),2,FALSE)) -> EVONIK INDUSTRIES AG NA O.N. | E99: =IF(ISERROR(VLOOKUP($E$4,CHOOSE({2,1},'Prime Standard'!$C91:$C91,'Prime Standard'!$H91:$H91),2,FALSE)) = TRUE,"",VLOOKUP($E$4,CHOOSE({2,1},'Prime Standard'!$C91:$C91,'Prime Standard'!$H91:$H91),2,FALSE))
C100: =IF(ISERROR(VLOOKUP($C$4,CHOOSE({2,1},'Prime Standard'!$C92:$C92,'Prime Standard'!$H92:$H92),2,FALSE)) = TRUE,"",VLOOKUP($C$4,CHOOSE({2,1},'Prime Standard'!$C92:$C92,'Prime Standard'!$H92:$H92),2,FALSE)) | D100: =IF(ISERROR(VLOOKUP($D$4,CHOOSE({2,1},'Prime Standard'!$C92:$C92,'Prime Standard'!$H92:$H92),2,FALSE)) = TRUE,"",VLOOKUP($D$4,CHOOSE({2,1},'Prime Standard'!$C92:$C92,'Prime Standard'!$H92:$H92),2,FALSE)) | E100: =IF(ISERROR(VLOOKUP($E$4,CHOOSE({2,1},'Prime Standard'!$C92:$C92,'Prime Standard'!$H92:$H92),2,FALSE)) = TRUE,"",VLOOKUP($E$4,CHOOSE({2,1},'Prime Standard'!$C92:$C92,'Prime Standard'!$H92:$H92),2,FALSE)) -> EVOTEC SE INH O.N.
C101: =IF(ISERROR(VLOOKUP($C$4,CHOOSE({2,1},'Prime Standard'!#REF!,'Prime Standard'!#REF!),2,FALSE)) = TRUE,"",VLOOKUP($C$4,CHOOSE({2,1},'Prime Standard'!#REF!,'Prime Standard'!#REF!),2,FALSE)) | D101: =IF(ISERROR(VLOOKUP($D$4,CHOOSE({2,1},'Prime Standard'!#REF!,'Prime Standard'!#REF!),2,FALSE)) = TRUE,"",VLOOKUP($D$4,CHOOSE({2,1},'Prime Standard'!#REF!,'Prime Standard'!#REF!),2,FALSE)) | E101: =IF(ISERROR(VLOOKUP($E$4,CHOOSE({2,1},'Prime Standard'!#REF!,'Prime Standard'!#REF!),2,FALSE)) = TRUE,"",VLOOKUP($E$4,CHOOSE({2,1},'Prime Standard'!#REF!,'Prime Standard'!#REF!),2,FALSE))
C102: =IF(ISERROR(VLOOKUP($C$4,CHOOSE({2,1},'Prime Standard'!$C93:$C93,'Prime Standard'!$H93:$H93),2,FALSE)) = TRUE,"",VLOOKUP($C$4,CHOOSE({2,1},'Prime Standard'!$C93:$C93,'Prime Standard'!$H93:$H93),2,FALSE)) | D102: =IF(ISERROR(VLOOKUP($D$4,CHOOSE({2,1},'Prime Standard'!$C93:$C93,'Prime Standard'!$H93:$H93),2,FALSE)) = TRUE,"",VLOOKUP($D$4,CHOOSE({2,1},'Prime Standard'!$C93:$C93,'Prime Standard'!$H93:$H93),2,FALSE)) | E102: =IF(ISERROR(VLOOKUP($E$4,CHOOSE({2,1},'Prime Standard'!$C93:$C93,'Prime Standard'!$H93:$H93),2,FALSE)) = TRUE,"",VLOOKUP($E$4,CHOOSE({2,1},'Prime Standard'!$C93:$C93,'Prime Standard'!$H93:$H93),2,FALSE))
...
